 Dungeon Crawl Stone Soup version 0.17.1-3-g152610e (webtiles) character file.

798751 Goblin1989 the Wrestler (level 27, -16/248 HPs)
             Began as a Purple Draconian Transmuter on Apr 4, 2016.
             Was the Champion of Cheibriados.
             Killed from afar by a Brimstone Fiend (20 damage)
             ... with a blast of hellfire
             ... on level 15 of a ziggurat on Apr 21, 2016.
             The game lasted 12:55:02 (79979 turns).

Goblin1989 the Wrestler (DrTm)                     Turns: 79979, Time: 12:55:03

Health: -16/248    AC: 30    Str: 36    XL:     27
Magic:  19/53      EV: 35    Int: 42    God:    Cheibriados [******]
Gold:   5182       SH: 22    Dex: 28    Spells: 12 memorised, 4 levels left

rFire  + + .     SeeInvis +       - Unarmed
rCold  + + .     Clarity  .     (armour unavailable)
rNeg   + + +     SustAt   .     h - +5 shield {reflect}
rPois  ∞         Gourm    .     N - +2 hat {SInv}
rElec  +         Spirit   .     S - +2 cloak {MR+}
rCorr  +         Warding  .     u - +2 pair of gloves {Str+3}
rMut   +         Stasis   .     w - +2 pair of boots {Stlth+}
MR     +++++                    P - amulet of resist mutation
Stlth  +.........               O - ring of wizardry
                                n - ring of Miracles {rF+ MP+9 Str+4 Int+3 Stlth-}

@: about to teleport, lich-form, resistant, tornado, flying (expiring), very
slightly contaminated, deflect missiles, very slow, almost entirely resistant to
hostile enchantments, very unstealthy
A: (breathe power), unfitting armour, cold-blooded, AC +13
a: End Transformation, Bend Time, Temporal Distortion, Slouch, Step From Time,
Renounce Religion
}: 5/15 runes: serpentine, barnacled, silver, abyssal, demonic


You were on level 15 of a ziggurat.
You worshipped Cheibriados.
Cheibriados was exalted by your worship.
You were not hungry.
You were a lich.
You visited 10 branches of the dungeon, and saw 52 of its levels.
You visited Pandemonium 1 time, and saw 6 of its levels.
You visited the Abyss 3 times.
You visited 1 ziggurat, and saw 15 of its levels.
You also visited: Labyrinth, Sewer, Ice Cave and Volcano.

You collected 9900 gold pieces.
You spent 4718 gold pieces at shops.

Inventory:

Hand Weapons
 b - the +6 dagger of Cheese {holy, Int+7}
   (You bought it in a shop on level 4 of the Vaults)

   It has been blessed by the Shining One to cause great damage to the undead
   and demons.
   It affects your intelligence (+7).
 Z - the +9 Staff of Wucad Mu {channel}
   (You found it on level 8 of a ziggurat)
Missiles
 a - 1450 arrows
 z - 15 javelins of penetration (quivered)
Armour
 f - a +0 hat of spirit shield
 h - a +5 shield of reflection (worn)
 u - a +2 pair of gloves of strength (worn)
 w - a +2 pair of boots of stealth (worn)
 N - a +2 hat of see invisible (worn)
 S - a +2 cloak of magic resistance (worn)
Jewellery
 n - the ring of Miracles (left hand) {rF+ MP+9 Str+4 Int+3 Stlth-}
   (You took it off a frost giant on level 2 of the Depths)

   [ring of magical power]

   It affects your strength (+4).
   It affects your intelligence (+3).
   It protects you from fire.
   It affects your magic capacity (+9).
   It makes you less stealthy.
 o - the ring of Temperance {+Fly Dex+4 Slay+6}
   (You found it on level 13 of a ziggurat)

   [ring of flight]

   It affects your dexterity (+4).
   It affects your accuracy and damage with ranged weapons and melee attacks
   (+6).
   It lets you fly.
 y - an uncursed ring of protection from cold
 C - the ring "Hoducsu" {+Fly rN+ SInv Stlth+}
   (You found it on level 2 of the Depths)

   [ring of positive energy]

   It protects you from negative energy.
   It lets you see invisible.
   It lets you fly.
   It makes you more stealthy.
 K - the ring "Mamis" {SustAt +Inv MR- Str+7}
   (You found it on level 14 of a ziggurat)

   [ring of sustain attributes]

   It sustains your strength, intelligence and dexterity.
   It affects your strength (+7).
   It affects your resistance to hostile enchantments.
   It lets you turn invisible.
 L - the ring of the Omega Point {rElec rF+ Dex+4}
   (You found it on level 11 of a ziggurat)

   [ring of dexterity]

   It affects your dexterity (+4).
   It protects you from fire.
   It insulates you from electricity.
 M - the ring "Ruirghik" {*Drain rElec rC+ rN+ Dex+3}
   (You found it on level 11 of a ziggurat)

   [ring of positive energy]

   It affects your dexterity (+3).
   It protects you from cold.
   It insulates you from electricity.
   It protects you from negative energy.
   It causes draining when unequipped.
 O - a ring of wizardry (right hand)
 P - an amulet of resist mutation (around neck)
 T - the ring of Muezusir {+Fly rF+}
   (You took it off a minotaur in a labyrinth)

   [ring of flight]

   It protects you from fire.
   It lets you fly.
 V - an uncursed ring of positive energy
Wands
 t - a wand of disintegration (9)
 J - a wand of digging (2)
 R - a wand of heal wounds (3)
 Y - a wand of teleportation (1)
Scrolls
 c - 26 scrolls of remove curse
 e - 16 scrolls of fog
 i - 21 scrolls of teleportation
 l - 15 scrolls of enchant armour
 m - 7 scrolls of recharging
 q - 3 scrolls of summoning
 r - 3 scrolls of holy word
 s - 4 scrolls of blinking
 A - 11 scrolls of immolation
 E - 15 scrolls of identify
 G - 9 scrolls of magic mapping
 H - a scroll of amnesia
 I - 10 scrolls of fear
Potions
 g - 18 potions of brilliance
 k - 32 potions of curing
 v - 7 potions of cure mutation
 x - 5 potions of cancellation
 B - 11 potions of heal wounds
 D - 2 potions of magic
 F - 2 potions of might
 U - 2 potions of agility
 X - 6 potions of resistance
Miscellaneous
 Q - a legendary deck of summoning {the Illusion}
Comestibles
 d - 26 bread rations
 p - 11 meat rations


   Skills:
 + Level 20.5 Fighting
 - Level 13.0 Throwing
 + Level 20.6 Dodging
 - Level 15.0 Shields
 * Level 23.2 Unarmed Combat
 - Level 17.8 Spellcasting
 - Level 7.7 Charms
 - Level 13.0 Necromancy
 - Level 14.8 Translocations
 - Level 15.2 Transmutations
   Level 5.7 Ice Magic
 + Level 22.9 Air Magic
 - Level 11.3 Invocations
 - Level 5.7 Evocations


You had 4 spell levels left.
You knew the following spells:

 Your Spells              Type           Power        Failure   Level  Hunger
a - Deflect Missiles      Chrm/Air       ########..   1%          6    N/A
b - Sticks to Snakes      Trmt           ########..   0%          2    N/A
c - Tornado               Air            ########..   4%          9    N/A
d - Aura of Abjuration    Summ           #####.....   10%         5    N/A
e - Regeneration          Chrm/Necr      ########..   1%          3    N/A
f - Song of Slaying       Chrm           #######.     1%          2    N/A
g - Necromutation         Trmt/Necr      ########..   6%          8    N/A
h - Phase Shift           Tloc           ########..   1%          5    N/A
i - Controlled Blink      Tloc           N/A          4%          8    N/A
j - Stoneskin             Trmt/Erth      #######.     1%          2    N/A
s - Statue Form           Trmt/Erth      #######..    2%          6    N/A
z - Apportation           Tloc           ########..   0%          1    N/A

Dungeon Overview and Level Annotations

Branches:
Dungeon (15/15)            Temple (1/1) D:5            Lair (8/8) D:9
 Shoals (4/4) Lair:6        Snake (4/4) Lair:6        Slime (0/6) Lair:8
    Orc (4/4) D:10            Elf (3/3) Orc:3        Vaults (5/5) D:14
  Crypt (3/3) Vaults:3       Tomb (0/3) Crypt:3      Depths (5/5) D:15
    Zot (0/5) Depths:5

Altars:
Ashenzari
Cheibriados
Elyvilon
Fedhas
Gozag
Kikubaaqudgha
Makhleb
Okawaru
Qazlal
Ru
Sif Muna
Trog
Vehumet
Yredelemnul
Zin
The Shining One
Beogh

Shops:
D:8 :   D:14 [!   Orc:2 (   Orc:4 [*=(   Elf:3 %   Snake:4 ?   Vaults:1 *
Vaults:2 *   Vaults:4 (

Portals:
Hell: Depths:1 Depths:2 Depths:3 Depths:4 Depths:5
Abyss: Depths:4
Pandemonium: Depths:3
Ziggurat: Depths:4
Trove: Vaults:4 (give 10 potions of heal wounds)

Annotations:
D:3 1 runed door
D:7 exclusion: downstairs
D:11 1 exclusion
Elf:2 3 runed doors, exclusion: 3 doors
Elf:3 3 exclusions
Depths:5 1 runed door


Innate Abilities, Weirdness & Mutations

((You can breathe bolts of dispelling energy.))
Your rich purple scales are hard (AC +13).
Your body does not fit into most forms of armour.
You are cold-blooded and may be slowed by cold attacks.


Message History

Zapping:
Y - a wand of teleportation (3)
Press: ? - help, Shift-Dir - straight line, f - you You feel strangely stable.
This wand has 2 charges left.
You kill the balrug!
Cheibriados thoroughly appreciates the change of pace.
You block the hell hog's attack.
A fire giant zombie comes into view.
Unknown command.
Unknown command.
Evoke which item? (* to show all) (? for menu, Esc to quit)
Zapping:
Y - a wand of teleportation (2)
Press: ? - help, Shift-Dir - straight line, f - you You feel strangely unstable.
This wand has 1 charge left.
You kill the hell hog!
Cheibriados thoroughly appreciates the change of pace.
The juggernaut zombie hits you!!!
* * * LOW HITPOINT WARNING * * *
The Brimstone Fiend gestures at you.
The hellfire explodes!
The blast of hellfire engulfs you!
You die...

▓.........z.
▓...........
▓...........
▓§§§§Z§§....
▓§§§§§§§....
▓§§§§§§§....
▓2§§§§§§1...
▓Z§§§§§§....
▓§L§§§§§.Z..
▓Z§§§§§§....
▓▓▓▓▓▓▓▓▓...
.. .


You could see a Brimstone Fiend, a balrug, a storm dragon zombie, a fire giant
zombie, a juggernaut zombie and an iron dragon skeleton.

Vanquished Creatures
  A seraph (Pan)
  2 ancient liches (Vaults:5)
  A pandemonium lord (Pan)
  Mara (Crypt:2)
  Mennas (Crypt:2)
  2 juggernauts
  Sojobo (Vaults:4)
  Boris (twice) (Crypt:2 Vaults:5)
  Margery (Depths:2)
  A Killer Klown (Zig:7)
  A curse toe (Zig:14)
  3 profane servitors
  2 pearl dragons (Zig:9)
  Jory (Crypt:3)
  the Enchantress (Depths:2)
  5 golden dragons
  8 bone dragons
  2 Brimstone Fiends (Pan)
  Jorgrun (Shoals:3)
  3 electric golems (Zig:13)
  8 tentacled monstrosities
  Rupert (Lair:7)
  2 Hell Sentinels
  A hellephant (Abyss:3)
  Asterion (Snake:3)
  10 titans
  A deep elf blademaster (Elf:3)
  2 Shadow Fiends
  2 deep elf master archers (Elf:3)
  3 quicksilver dragons
  12 liches
  The ghost of bollicks1999 the Peltast, an adept MiFi of the Shining One (Elf:3)
  20 tentacled starspawn
  2 krakens
  6 Executioners
  Polyphemus (Shoals:3)
  4 octopode crushers (Zig:12)
  3 sphinxes
  2 warmongers (Pan)
  Frances (D:13)
  3 ancient champions
  10 tengu reavers
  4 shadow dragons
  2 thorn hunters (Zig:8)
  A draconian monk (Depths:5)
  5 revenants
  11 storm dragons
  10 daevas
  Ilsuiw (Shoals:4)
  8 greater nagas
  3 corrupters (Pan)
  7 fire giants
  Donald (Orc:3)
  A black sun (Pan)
  12 frost giants
  6 deep elf sorcerers
  Maud (Lair:8)
  A draconian knight (Depths:5)
  A draconian shifter (Depths:5)
  A caustic shrike zombie (Zig:15)
  An orc warlord (Orc:4)
  Aizul (Snake:3)
  5 balrugs
  Louise (Snake:2)
  An emperor scorpion (shapeshifter) (Abyss:3)
  A draconian zealot (Abyss:3)
  3 curse skulls
  4 cacodemons
  5 ghouls
  14 vault wardens
  4 spriggan defenders
  A draconian annihilator (Abyss:1)
  13 reapers
  38 very ugly things
  3 juggernaut skeletons
  7 angels
  20 ironheart preservers
  30 stone giants
  6 vampire knights
  14 deep elf demonologists
  2 war gargoyles (Vaults:5)
  17 apis
  9 ophanim
  5 chaos champions (Pan)
  A green draconian (Depths:5)
  A blood saint (Pan)
  2 purple draconians (Depths:5)
  6 deep elf annihilators
  4 red draconians (Depths:5)
  A dire elephant (shapeshifter) (Depths:1)
  5 white draconians (Depths:5)
  2 salamander firebrands
  2 black draconians (Depths:5)
  3 salamander stormcallers
  A lorocyproca (Abyss:1)
  4 eidola (Crypt:1)
  A yellow draconian (Depths:5)
  16 ettins
  2 blizzard demons
  9 merfolk javelineers
  7 deep elf death magi
  An ettin (shapeshifter) (Vaults:5)
  A minotaur (Lab)
  Erolcha (D:9)
  37 vault guards
  10 fire dragons
  17 merfolk impalers
  A crystal guardian (Vaults:4)
  37 jiangshi
  A quicksilver dragon zombie (Abyss:3)
  7 deep elf high priests
  Josephine (Lair:6)
  6 green deaths
  9 rakshasas
  12 great orbs of eyes
  20 yaktaur captains
  9 ice dragons
  6 entropy weavers
  Fannar (Lair:2)
  A quicksilver dragon skeleton (Crypt:1)
  8 hydras
  Harold (Orc:1)
  2 hell beasts (Pan)
  16 naga warriors
  11 centaur warriors
  6 monstrous demonspawn
  4 merfolk avatars
  12 spriggan air magi
  A ghost crab (Zig:8)
  11 anacondas
  A catoblepas (Shoals:3)
  2 alligators (Zig:8)
  7 death knights
  3 dancing weapons
  3 satyrs
  An alligator snapping turtle (Shoals:3)
  6 merfolk aquamancers
  6 tengu warriors
  3 death yaks (Shoals:3)
  9 shock serpents
  7 spriggan berserkers
  8 vampire magi
  2 titan zombies
  16 deep troll shamans
  15 deep troll earth magi
  3 shock serpents (shapeshifter)
  4 orc high priests
  5 soul eaters
  2 hell hogs
  3 storm dragon zombies
  10 ogre magi
  17 naga sharpshooters
  2 fire crabs
  31 hell knights
  26 thrashing horrors
  16 sun demons
  A fire crab (shapeshifter) (Depths:1)
  19 wretched stars
  A titan skeleton (Zig:14)
  4 salamander mystics
  12 cherubim
  7 unseen horrors
  29 skeletal warriors
  9 ice devils
  3 golden dragon zombies
  15 deep elf knights
  11 shadow wraiths
  A storm dragon skeleton (Zig:10)
  49 deep trolls
  14 sea snakes
  7 iron trolls
  4 torturous demonspawn
  5 spatial maelstroms
  8 giant orange brains
  5 shadow demons
  2 gelid demonspawn (Pan)
  13 ironbrand convokers
  14 deep elf summoners
  10 hill giants
  6 naga ritualists
  3 wizards
  An anaconda skeleton (Crypt:2)
  A shadow dragon zombie (Crypt:2)
  A swamp dragon (Zig:8)
  An orange crystal statue (Zig:7)
  A death scarab (Zig:6)
  3 tengu zombies
  3 putrid demonspawn (Pan)
  A hill giant (shapeshifter) (Depths:2)
  20 orc knights
  2 wolf spider zombies
  3 anubis guards (Zig:6)
  62 ugly things
  5 wolf spiders
  5 flayed ghosts
  16 mana vipers
  22 harpies
  10 necromancers
  An orb spider (Abyss:4)
  2 golden dragon skeletons
  15 deep elf conjurers
  7 hornets
  12 manticores
  3 orc sorcerers
  12 phantasmal warriors
  7 cyclopes
  5 water nymphs
  A hornet (shapeshifter) (Vaults:5)
  23 salamanders
  3 fire giant zombies
  4 shining eyes
  An iron dragon zombie (Depths:3)
  2 frost giant zombies
  A mana viper (shapeshifter) (Abyss:4)
  2 sphinx skeletons
  An octopode (shapeshifter) (Vaults:3)
  21 griffons
  10 sixfirhies
  2 shadow dragon skeletons
  11 worldbinders
  2 stone giant zombies
  26 fauns
  6 guardian serpents
  A toenail golem (Abyss:3)
  5 vault sentinels
  4 fire giant skeletons
  Maurice (D:13)
  10 sirens
  12 elephants
  30 smoke demons
  7 hellions
  50 black mambas
  9 apocalypse crabs
  2 stone giant skeletons
  37 naga magi
  23 spiny frogs
  3 ice statues (IceCv)
  2 rust devils
  An alligator snapping turtle zombie (Crypt:1)
  A spiny frog (shapeshifter) (Vaults:2)
  Psyche (D:8)
  A torpor snail (Lair:6)
  A dire elephant zombie (Crypt:2)
  2 storm dragon simulacra
  A centaur zombie (D:15)
  16 orange demons
  A shock serpent skeleton (Crypt:2)
  3 gargoyles
  19 komodo dragons
  3 hellwings
  4 kobold demonologists (Depths:4)
  3 efreet
  A yaktaur (shapeshifter) (Elf:2)
  A yaktaur zombie (Vaults:5)
  18 ancient zymes
  15 deep elf priests
  A silent spectre (Zig:10)
  An anaconda simulacrum (Abyss:3)
  2 tengu conjurers
  72 yaktaurs
  A purple draconian skeleton (Crypt:1)
  3 guardian mummies (Zig:6)
  7 tormentors
  A giant leech (Zig:8)
  15 freezing wraiths
  6 demonic crawlers
  3 human skeletons
  10 trolls
  41 merfolk
  5 fire drakes
  7 two-headed ogres
  6 wind drakes
  A raiju (shapeshifter) (Depths:1)
  A queen bee (shapeshifter) (Abyss:3)
  A hydra skeleton (Abyss:3)
  A giant leech (shapeshifter) (Depths:1)
  6 blue devils (IceCv)
  2 polar bears
  4 red devils
  Prince Ribbit (D:8)
  An iron dragon simulacrum (Crypt:3)
  An ushabti (Zig:6)
  A polar bear (shapeshifter) (Vaults:4)
  30 slime creatures
  A slime creature (shapeshifter) (Zig:7)
  25 blink frogs
  2 fire dragon zombies
  A blink frog (shapeshifter) (Elf:3)
  A harpy skeleton (Crypt:2)
  3 spriggan zombies
  79 raiju
  11 snapping turtles
  3 frost giant simulacra
  2 trapdoor spiders
  4 tarantellas
  19 redbacks
  A tarantella (shapeshifter) (Vaults:5)
  An ettin skeleton (Abyss:4)
  7 boulder beetles
  A fire giant simulacrum (Crypt:1)
  65 flying skulls
  8 vampires
  12 air elementals
  2 trapdoor spiders (shapeshifter)
  4 elf zombies
  6 spriggans
  30 deep elf magi
  19 ynoxinuls
  14 shadows
  35 deep elf fighters
  A fire elemental (Abyss:4)
  73 yaks
  16 humans (D:14)
  16 water elementals
  17 wraiths
  8 fire bats
  18 chaos spawn
  A human (shapeshifter) (Depths:1)
  29 neqoxecs
  2 vampire mosquitoes (Vaults:2)
  The ghost of Alipheese the Chiller, an amateur NaIE of Cheibriados (D:4)
  31 wolves
  4 basilisks
  9 golden eyes (Abyss:4)
  3 spatial vortices
  3 hungry ghosts
  9 wargs
  62 large abominations
  A naga (shapeshifter) (Elf:3)
  2 wolves (shapeshifter)
  Edmund (D:6)
  An entropy weaver simulacrum (Vaults:2)
  67 nagas
  5 insubstantial wisps
  27 water moccasins
  3 human zombies
  2 mottled dragons (Vaults:2)
  17 hippogriffs
  A harpy simulacrum (Abyss:3)
  16 porcupines
  A spider (shapeshifter) (Depths:1)
  A spider (Lair:8)
  A black bear (D:4)
  5 hell hounds
  43 orc warriors
  4 phantoms
  5 sky beasts
  28 ogres
  A manticore zombie (Crypt:2)
  A swamp drake (Zig:8)
  11 wasps
  An ice beast (D:11)
  24 crocodiles
  An elf skeleton (Vaults:5)
  An ogre (shapeshifter) (Vaults:5)
  5 eyes of draining
  20 centaurs
  9 necrophages
  10 boggarts
  48 small abominations
  A fire drake zombie (Crypt:2)
  28 giant frogs
  A brain worm (Abyss:3)
  A wyvern zombie (D:14)
  10 big kobolds
  A yaktaur skeleton (Crypt:1)
  A giant frog (shapeshifter) (Depths:4)
  A water moccasin zombie (D:6)
  An earth elemental (Abyss:4)
  A scorpion (shapeshifter) (Vaults:5)
  A scorpion (D:5)
  7 wights
  4 jellies
  A polar bear skeleton (Crypt:2)
  A manticore simulacrum (Crypt:3)
  A killer bee (D:7)
  A hound (shapeshifter) (Depths:1)
  A lava snake (Volcano)
  6 hounds
  3 giant frog zombies
  8 crimson imps
  2 draconian simulacra (IceCv)
  107 starcursed masses
  A wasp zombie (Crypt:2)
  22 orc priests
  36 orc wizards
  Crazy Yiuf (D:2)
  2 giant frog skeletons
  Ijyb (D:2)
  9 centaur skeletons
  13 iron imps
  Jessica (D:3)
  9 quasits
  2 spriggan simulacra (IceCv)
  17 worker ants
  14 iguanas
  A lightning spire (Zig:11)
  A killer bee zombie (D:7)
  44 sheep
  3 troll simulacra (IceCv)
  2 centaur simulacra (IceCv)
  A big kobold zombie (Crypt:1)
  A mottled dragon skeleton (Crypt:1)
  2 hound skeletons
  5 worker ant zombies
  5 mummies (Zig:6)
  Robin (D:3)
  18 adders
  3 gnolls (D:2)
  7 shadow imps
  A naga simulacrum (IceCv)
  19 white imps
  73 river rats
  2 giant eyeballs (Depths:2)
  2 oozes (Sewer)
  6 ufetubi
  3 worms
  222 orcs
  7 ball pythons
  4 giant cockroaches
  11 goblins
  15 hobgoblins
  3 jackals (D:1)
  46 kobolds
  8 quokkas
  2 ball python zombies
  2 bats
  5 giant geckos
  A giant gecko zombie (D:6)
  6 giant newts
  A goblin zombie (Crypt:2)
  A quokka skeleton (D:9)
  10 rats
  11 bushes (Abyss:3)
  A butterfly (Lair:3)
  3 fire vortices
  A lost soul (Crypt:3)
  6 macabre masses (Abyss:4)
  15 plants
  9 starspawn tentacles (Abyss:1)
  2 tentacles
3981 creatures vanquished.

Vanquished Creatures (collateral kills)
  Nessos (D:13)
  A naga sharpshooter (Snake:1)
  Urug (Lair:4)
  A sea snake (Shoals:3)
  2 oklob plants (Lair:8)
  2 fauns (Shoals:4)
  A red devil (Abyss:4)
  An orc warrior (Orc:4)
  A big kobold (Sewer)
  A giant frog (D:7)
  A scorpion (D:5)
  A killer bee (D:7)
  An orc priest (Orc:4)
  An orc wizard (D:7)
  3 orcs
  A fungus (Lair:5)
20 creatures vanquished.

Vanquished Creatures (others)
  The ghost of DEFE the Sorcerer, a legendary DEFi of Cheibriados (Pan)
  A stone giant (Zig:11)
  A vampire knight (Depths:3)
  A salamander stormcaller (Vaults:2)
  A purple draconian (Depths:5)
  A blizzard demon (Pan)
  An ettin (Zig:11)
  A hydra (Zig:8)
  A yaktaur captain (Vaults:5)
  3 ogre magi
  A gelid demonspawn (Pan)
  4 ironbrand convokers
  A manticore (Zig:12)
  A tengu skeleton (Zig:15)
  A griffon (Vaults:2)
  An orc knight (Zig:11)
  A spriggan zombie (Zig:15)
  A naga mage (Snake:4)
  2 vault sentinels
  A hellwing (Pan)
  A merfolk (Shoals:4)
  4 small abominations
  A blink frog (Lair:4)
  A redback (Vaults:5)
  3 humans (Depths:4)
  A neqoxec (Abyss:3)
  2 orc warriors (Vaults:2)
  A swamp drake (Zig:8)
  An ice beast (Abyss:4)
  2 large abominations
  An ogre (Vaults:4)
  An eye of draining (Abyss:1)
  A wight (Zig:15)
  2 ufetubi (Abyss:3)
  4 orcs
  A giant cockroach (D:1)
  2 briar patches (Zig:8)
  A fire vortex (Vaults:2)
  A fulminant prism (Pan)
  34 fungi
  5 lost souls
  4 lurking horrors
  44 plants
  38 starspawn tentacles
  265 starspawn tentacle segments
  10 tentacles
  53 tentacle segments
510 creatures vanquished.

Grand Total: 4511 creatures vanquished

Notes
Turn   | Place    | Note
--------------------------------------------------------------
     0 | D:1      | Goblin1989 the Draconian Transmuter began the quest for the Orb.
     0 | D:1      | Reached XP level 1. HP: 16/16 MP: 3/3
   394 | D:1      | Reached XP level 2. HP: 8/23 MP: 5/5
  1075 | D:2      | Reached skill level 4 in Unarmed Combat
  1096 | D:1      | HP: 1/23 [hobgoblin/club (3)]
  1229 | D:1      | Reached XP level 3. HP: 12/28 MP: 6/6
  1926 | D:2      | Reached XP level 4. HP: 20/35 MP: 5/7
  1938 | D:2      | Reached skill level 5 in Unarmed Combat
  2230 | D:2      | Noticed Ijyb
  2250 | D:2      | Killed Ijyb
  2258 | D:2      | Learned a level 2 spell: Sticks to Snakes
  2263 | D:2      | Learned a level 4 spell: Ice Form
  2387 | D:2      | Reached XP level 5. HP: 28/40 MP: 8/8
  2736 | D:2      | Noticed Crazy Yiuf
  2765 | D:2      | Killed Crazy Yiuf
  2765 | D:2      | Reached skill level 6 in Unarmed Combat
  2975 | D:3      | Noticed Robin
  3040 | D:3      | Killed Robin
  3310 | D:3      | Found a sacrificial altar of Ru.
  3319 | D:3      | Found a blossoming altar of Fedhas.
  3324 | D:3      | Found a glowing silver altar of Zin.
  3327 | D:3      | Found an opulent altar of Gozag.
  3429 | D:3      | You fall through a shaft for 3 floors!
  3643 | D:6      | Noticed Edmund
  3733 | D:6      | HP: 2/40 [Edmund/flail of protection (4)]
  4076 | D:5      | Entered Level 5 of the Dungeon
  4093 | D:5      | Found a glowing drain.
  4097 | Sewer    | Entered a sewer
  4172 | Sewer    | Reached skill level 7 in Unarmed Combat
  4172 | Sewer    | Reached XP level 6. HP: 22/47 MP: 9/9
  4655 | Sewer    | Reached skill level 8 in Unarmed Combat
  4655 | Sewer    | Your scales start taking on a rich purple colour.
  4655 | Sewer    | Reached XP level 7. HP: 11/52 MP: 8/10
  5031 | D:5      | Noticed an ogre
  5041 | D:5      | Killed an ogre
  5060 | D:5      | Found a staircase to the Ecumenical Temple.
  5074 | Temple   | Entered the Ecumenical Temple
  5082 | Temple   | Became a worshipper of Cheibriados the Contemplative
  5462 | D:3      | Noticed Jessica
  5480 | D:3      | Killed Jessica
  5480 | D:3      | Reached skill level 9 in Unarmed Combat
  5619 | D:3      | Found a glowing golden altar of the Shining One.
  5619 | D:3      | Noticed an angel
  5620 | D:3      | Found a runed door.
  5978 | D:4      | Reached * piety under Cheibriados
  6201 | D:4      | Reached skill level 1 in Ice Magic
  6287 | D:4      | Noticed Alipheese's ghost (amateur NaIE)
  6305 | D:4      | Killed Alipheese's ghost
  6305 | D:4      | Reached XP level 8. HP: 34/59 MP: 3/11
  6683 | D:5      | Noticed a centaur
  6729 | D:5      | Killed a centaur
  6799 | D:5      | Found a deep blue altar of Sif Muna.
  6877 | D:5      | Noticed an ogre
  6882 | D:5      | Killed an ogre
  6882 | D:5      | Reached skill level 10 in Unarmed Combat
  6929 | D:5      | Noticed a sky beast
  6943 | D:5      | Killed a sky beast
  7445 | D:5      | Noticed a centaur
  7479 | D:5      | Reached ** piety under Cheibriados
  7624 | D:5      | Killed a centaur
  7900 | D:5      | Found a white marble altar of Elyvilon.
  8209 | D:6      | Reached skill level 1 in Invocations
  8327 | D:6      | Reached XP level 9. HP: 67/67 MP: 10/12
  9016 | D:7      | Reached *** piety under Cheibriados
  9529 | D:7      | Reached skill level 11 in Unarmed Combat
  9580 | D:8      | Noticed Psyche
 10338 | D:9      | Found a staircase to the Lair.
 10362 | D:9      | Reached **** piety under Cheibriados
 10471 | D:9      | Noticed Erolcha
 10476 | D:9      | Reached XP level 10. HP: 78/78 MP: 13/13
 10603 | D:8      | Noticed Prince Ribbit
 10613 | D:8      | Found Biufub's Book Emporium.
 10624 | D:8      | Killed Psyche
 10624 | D:8      | Reached skill level 5 in Ice Magic
 10636 | D:8      | HP: 3/80 [Prince Ribbit (15)]
 10641 | D:8      | Killed Prince Ribbit
 11325 | D:9      | Killed Erolcha
 11325 | D:9      | Reached skill level 5 in Fighting
 11325 | D:9      | Reached skill level 12 in Unarmed Combat
 11597 | D:9      | Found a white marble altar of Elyvilon.
 11607 | D:9      | Found a shattered altar of Ashenzari.
 11756 | D:10     | Entered Level 10 of the Dungeon
 11777 | D:10     | Reached ***** piety under Cheibriados
 11792 | D:10     | Found a radiant altar of Vehumet.
 11805 | D:10     | Noticed a hill giant
 11842 | D:10     | Reached skill level 5 in Invocations
 11857 | D:10     | Killed a hill giant
 11857 | D:10     | Reached skill level 5 in Dodging
 11979 | D:10     | Reached skill level 5 in Transmutations
 12522 | D:10     | Noticed a tengu warrior
 12531 | D:10     | Killed a tengu warrior
 12531 | D:10     | Reached XP level 11. HP: 79/89 MP: 8/15
 12964 | D:10     | Learned a level 5 spell: Blade Hands
 13003 | D:10     | Found a staircase to the Orcish Mines.
 13483 | Lair:1   | Entered Level 1 of the Lair of Beasts
 13956 | Lair:1   | Reached ****** piety under Cheibriados
 14809 | Lair:2   | Noticed Fannar
 14821 | Lair:2   | Killed Fannar
 14831 | Lair:2   | Reached skill level 13 in Unarmed Combat
 15136 | Lair:2   | Reached XP level 12. HP: 88/100 MP: 13/17
 15345 | Lair:2   | Noticed a five-headed hydra
 15852 | Lair:2   | Killed a five-headed hydra
 16227 | D:8      | Bought a book of Battle for 480 gold pieces
 16231 | D:8      | Learned a level 3 spell: Regeneration
 16234 | D:8      | Learned a level 2 spell: Song of Slaying
 16473 | Lair:2   | Reached skill level 1 in Charms
 16561 | Lair:2   | Reached skill level 1 in Necromancy
 17373 | Lair:3   | Learned a level 2 spell: Repel Missiles
 17543 | Lair:3   | Reached skill level 14 in Unarmed Combat
 18128 | Lair:4   | Reached XP level 13. HP: 108/108 MP: 14/20
 18817 | Lair:4   | Noticed Urug
 18854 | Lair:4   | Killed Urug
 18854 | Lair:4   | Reached skill level 5 in Spellcasting
 19543 | Lair:5   | Found a frozen archway.
 19571 | IceCv    | Entered an ice cave
 20062 | IceCv    | Got a jewelled dagger
 20063 | IceCv    | Identified the +8 dagger of Disintegration {pain, *Corrode +Inv rC+ Int+4} (You found it in an ice cave)
 20374 | Lair:5   | Learned a level 1 spell: Apportation
 20565 | Lair:5   | Reached skill level 1 in Translocations
 21691 | Lair:6   | Noticed Josephine
 21700 | Lair:6   | Killed Josephine
 21741 | Lair:6   | Found a dark tunnel.
 21753 | Volcano  | Entered a volcano
 22036 | Lair:6   | Reached skill level 15 in Unarmed Combat
 22044 | Lair:6   | Found a staircase to the Shoals.
 22297 | Lair:6   | Found a staircase to the Snake Pit.
 22643 | Lair:6   | Reached XP level 14. HP: 115/119 MP: 24/24
 23091 | Lair:7   | Noticed Rupert
 23145 | Lair:7   | Killed Rupert
 23145 | Lair:7   | Reached skill level 10 in Invocations
 23167 | Lair:8   | Entered Level 8 of the Lair of Beasts
 23334 | Lair:7   | Reached skill level 10 in Fighting
 23488 | Lair:7   | Learned a level 5 spell: Phase Shift
 24711 | Lair:8   | Noticed Maud
 24719 | Lair:8   | Killed Maud
 24719 | Lair:8   | Reached skill level 16 in Unarmed Combat
 26328 | Orc:1    | Entered Level 1 of the Orcish Mines
 26338 | Orc:1    | Noticed Harold
 26353 | Orc:1    | Found a roughly hewn altar of Beogh.
 26355 | Orc:1    | Killed Harold
 26863 | Orc:2    | Found Taaman Xyro's Antique Weapon Shoppe.
 27514 | Orc:3    | Found a staircase to the Elven Halls.
 27692 | Orc:3    | Noticed Donald
 27697 | Orc:3    | Killed Donald
 27697 | Orc:3    | Reached XP level 15. HP: 113/130 MP: 20/25
 27936 | D:8      | Bought a manual of Shields for 1324 gold pieces
 28180 | Orc:4    | Entered Level 4 of the Orcish Mines
 28583 | Orc:4    | Reached skill level 1 in Shields
 28587 | Orc:4    | Reached skill level 5 in Translocations
 28979 | Orc:4    | Found a roughly hewn altar of Beogh.
 28999 | Orc:4    | Found Meilu's Jewellery Emporium.
 29004 | Orc:4    | Found Qyssame's Antique Armour Emporium.
 29016 | Orc:4    | Found Xuhint's Antique Weapon Emporium.
 29018 | Orc:4    | Found Urushum's General Store.
 29183 | Orc:4    | Bought a pair of embroidered gloves for 162 gold pieces
 29210 | Orc:4    | Bought a scroll of identify for 32 gold pieces
 29210 | Orc:4    | Bought a potion of heal wounds for 80 gold pieces
 29210 | Orc:4    | Bought a scroll of teleportation for 48 gold pieces
 30441 | D:12     | Found a labyrinth entrance.
 30450 | Lab      | Entered a labyrinth
 31296 | Lab      | Got a vibrating brass ring
 31308 | Lab      | Identified the ring of Muezusir {+Fly rF+} (You took it off a minotaur in a labyrinth)
 31988 | D:13     | Noticed Frances
 32000 | D:13     | Killed Frances
 32147 | D:13     | Found a roughly hewn altar of Beogh.
 32569 | D:13     | Reached skill level 10 in Dodging
 32572 | D:13     | Noticed Maurice
 32581 | D:13     | Killed Maurice
 32932 | D:13     | Found a snail-covered altar of Cheibriados.
 32940 | D:13     | Noticed Nessos
 32955 | D:13     | Killed Nessos
 33371 | D:14     | Found a gate to the Vaults.
 33762 | D:14     | Found Jegurunoh's Antique Armour Emporium.
 33893 | D:14     | Found Mehautow's Distillery.
 33898 | D:14     | Bought a potion of mutation for 32 gold pieces
 33898 | D:14     | Bought a potion of lignification for 39 gold pieces
 33898 | D:14     | Bought a potion of brilliance for 52 gold pieces
 33898 | D:14     | Bought a potion of might for 52 gold pieces
 33898 | D:14     | Bought a potion of resistance for 130 gold pieces
 34100 | D:14     | Learned a level 7 spell: Dragon Form
 34156 | D:14     | Reached skill level 10 in Transmutations
 34656 | D:15     | Entered Level 15 of the Dungeon
 35040 | D:15     | Reached XP level 16. HP: 123/139 MP: 28/28
 35357 | D:15     | Found an iron altar of Okawaru.
 35422 | D:15     | Found a staircase to the Depths.
 35892 | Snake:1  | Entered Level 1 of the Snake Pit
 36888 | Snake:2  | Noticed Asterion
 37726 | Snake:2  | Noticed Louise
 37731 | Snake:2  | Killed Louise
 38282 | Snake:3  | Noticed Aizul
 38289 | Snake:3  | Killed Aizul
 38295 | Snake:3  | Killed Asterion
 39175 | Snake:3  | Reached XP level 17. HP: 146/146 MP: 29/29
 39224 | Snake:3  | Reached skill level 15 in Transmutations
 39815 | Snake:4  | Entered Level 4 of the Snake Pit
 39882 | Snake:4  | Identified a +4 rod of shadows (13/13) (You found it on level 4 of the Snake Pit)
 40756 | Snake:4  | Found Yshug's Magic Scroll Emporium.
 40764 | Snake:4  | Bought a scroll of recharging for 123 gold pieces
 40764 | Snake:4  | Bought a scroll of amnesia for 45 gold pieces
 40764 | Snake:4  | Bought a scroll of identify for 26 gold pieces
 40764 | Snake:4  | Bought a scroll of fog for 26 gold pieces
 40764 | Snake:4  | Bought a scroll of fear for 45 gold pieces
 41796 | Snake:4  | Got a serpentine rune of Zot
 42162 | Shoals:1 | Entered Level 1 of the Shoals
 42421 | Shoals:1 | Reached XP level 18. HP: 154/154 MP: 27/31
 43112 | Shoals:2 | Reached skill level 15 in Dodging
 44264 | Shoals:3 | Noticed Polyphemus
 44266 | Shoals:3 | Killed Polyphemus
 44746 | Shoals:3 | Noticed Jorgrun
 44753 | Shoals:3 | Killed Jorgrun
 45032 | Shoals:4 | Entered Level 4 of the Shoals
 45064 | Shoals:4 | Reached skill level 17 in Dodging
 45514 | Shoals:4 | Reached XP level 19. HP: 160/160 MP: 32/32
 45517 | Shoals:4 | Noticed Ilsuiw
 45526 | Shoals:4 | Killed Ilsuiw
 46902 | Elf:1    | Entered Level 1 of the Elven Halls
 46957 | Elf:1    | Identified a +1 rod of destruction (10/10) (You found it on level 1 of the Elven Halls)
 47351 | Elf:1    | Identified the Compendium of the Escort
 48215 | Elf:2    | Found a runed gate.
 48215 | Elf:2    | Found a runed gate.
 48215 | Elf:2    | Found a runed gate.
 48528 | Elf:3    | Entered Level 3 of the Elven Halls
 48777 | Elf:3    | Found Ygapuwn's Food Emporium.
 49523 | Vaults:1 | Entered Level 1 of the Vaults
 50222 | Elf:3    | Reached skill level 18 in Dodging
 50331 | Elf:3    | Reached skill level 5 in Charms
 50533 | Elf:3    | Reached XP level 20. HP: 171/171 MP: 23/33
 50616 | Elf:3    | Identified Sif Muna's Reference Book on the Boosting Entourage (You found it on level 3 of the Elven Halls)
 50657 | Elf:3    | Noticed bollicks1999's ghost (adept MiFi)
 50663 | Elf:3    | Killed bollicks1999's ghost
 51140 | D:6      | Killed Edmund
 51754 | D:8      | Bought a book of the Tempests for 840 gold pieces
 51764 | D:8      | Learned a level 9 spell: Tornado
 51765 | D:8      | Bought a book of Enchantments for 600 gold pieces
 52288 | Shoals:4 | Got a barnacled rune of Zot
 52398 | Shoals:4 | Reached skill level 1 in Air Magic
 53734 | Vaults:1 | Found Kiodoul's Assorted Antiques.
 54461 | Vaults:2 | Learned a level 6 spell: Deflect Missiles
 54868 | Elf:3    | Got a warped lapis lazuli ring
 55154 | Vaults:2 | Identified the ring "Sacuxiv" {rF+ MP+9 Str-4 Int+3} (You took it off a deep elf sorcerer on level 3 of the Elven Halls)
 55264 | Vaults:2 | Reached skill level 5 in Air Magic
 55667 | Vaults:2 | Reached skill level 10 in Spellcasting
 55801 | Vaults:2 | Found Ruodghat's Assorted Antiques.
 55804 | Vaults:2 | Bought a potion of heal wounds for 165 gold pieces
 55804 | Vaults:2 | Bought a notched cabochon ring for 165 gold pieces
 56085 | Vaults:2 | Learned a level 4 spell: Airstrike
 56247 | Vaults:3 | Reached XP level 21. HP: 181/181 MP: 31/35
 56657 | Vaults:3 | Found a staircase to the Crypt.
 56818 | Vaults:3 | Reached skill level 5 in Necromancy
 57487 | Vaults:4 | Noticed Sojobo
 57497 | Vaults:4 | Killed Sojobo
 57548 | Vaults:4 | Found a portal to a secret trove of treasure.
 57982 | Vaults:4 | Found Myziewk's Antique Weapon Shoppe.
 57990 | Vaults:4 | Bought a crystal dagger for 252 gold pieces
 57990 | Vaults:4 | Identified the +6 dagger of Cheese {holy, Int+7} (You bought it in a shop on level 4 of the Vaults)
 58630 | Depths:1 | Entered Level 1 of the Depths
 58661 | Depths:1 | Found a gateway to Hell.
 59257 | Depths:1 | Reached skill level 10 in Air Magic
 59258 | Depths:1 | Reached XP level 22. HP: 191/191 MP: 22/37
 59321 | Depths:1 | Learned a level 8 spell: Necromutation
 59446 | Depths:1 | Reached skill level 15 in Fighting
 59876 | Depths:2 | Found a burning altar of Makhleb.
 60011 | Depths:2 | Got a bound jade ring
 60016 | Depths:2 | Identified the ring "Hoducsu" {+Fly rN+ SInv Stlth+} (You found it on level 2 of the Depths)
 60057 | Depths:2 | Paralysed by a giant eyeball for 4 turns
 60156 | Depths:2 | Found a blossoming altar of Fedhas.
 60226 | Depths:2 | Reached skill level 10 in Necromancy
 60273 | Depths:2 | Got a scintillating ivory ring
 60274 | Depths:2 | Identified the ring "Zareyty" {+Fly rElec} (You found it on level 2 of the Depths)
 60329 | Depths:2 | Noticed the Enchantress
 60340 | Depths:2 | Killed the Enchantress
 60398 | Depths:2 | Noticed Margery
 60408 | Depths:2 | Killed Margery
 60457 | Depths:2 | Goblin1989: убило?
 60479 | Depths:2 | namelastname112: не
 60484 | Depths:2 | namelastname112: жаль, что ты не видел, как я на пятые волты зашел
 60484 | Depths:2 | Goblin1989: зато поглядел как ты там бегал немного
 60484 | Depths:2 | Goblin1989: секунд 15
 60484 | Depths:2 | namelastname112: я спустился
 60484 | Depths:2 | namelastname112: прочел иммо
 60484 | Depths:2 | namelastname112: и тормент два раза
 60484 | Depths:2 | namelastname112: ебануло и остался с 17 хп
 60484 | Depths:2 | Goblin1989: на тебя тормент действует?
 60484 | Depths:2 | Goblin1989: или только взрывы столько снесли?
 60825 | Depths:2 | namelastname112: тормент иногда не действует
 60825 | Depths:2 | namelastname112: от первого кику меня спас
 60825 | Depths:2 | namelastname112: от второго нет
 60825 | Depths:2 | Goblin1989: я думал кику от всех торментов спасает
 60907 | Depths:2 | HP: 12/291 [frost giant (illusionary)/battleaxe of freezing (26)]
 60907 | Depths:2 | HP: 5/291 [frost giant (illusionary)/battleaxe of freezing (4)]
 60908 | Depths:2 | namelastname112: пиздец
 60908 | Depths:2 | Goblin1989: хм
 60908 | Depths:2 | namelastname112: вот скажи
 60908 | Depths:2 | Goblin1989: блинк есть
 60908 | Depths:2 | namelastname112: почему ты а d не прожал
 60908 | Depths:2 | namelastname112: ты можешь конечно блинкануться наверх
 60908 | Depths:2 | namelastname112: к лестнице
 60908 | Depths:2 | Goblin1989: но это скорее всего смерть
 60908 | Depths:2 | namelastname112: и надеяться, что в тебя не пальнут
 60908 | Depths:2 | Goblin1989: оу, точно!
 60911 | Depths:2 | namelastname112: лол
 60912 | Depths:2 | namelastname112: вот это повезло тебе с теле
 61293 | Depths:2 | Goblin1989: это надо запечатлить для истории
 61306 | Depths:2 | Noticed a juggernaut
 61309 | Depths:2 | Killed a juggernaut
 61322 | Depths:2 | Goblin1989: я понял!
 61322 | Depths:2 | Goblin1989: GrEE тут просто идеально прятаться!
 61326 | Depths:2 | namelastname112: лрдшнуть стены-то
 61335 | Depths:2 | Got a crude amber ring
 61376 | Depths:2 | Goblin1989: этот пас шифт довольно крутая штука
 61376 | Depths:2 | Goblin1989: но вообще мне бы сблинк где найти
 61376 | Depths:2 | Goblin1989: и вообще этому дракончику как-то не везет на лут
 61376 | Depths:2 | namelastname112: шифт клевый, да
 61376 | Depths:2 | Goblin1989: он мне 8 EV на халяву почти дает
 61739 | Depths:2 | Identified the ring of Miracles {rF+ MP+9 Str+4 Int+3 Stlth-} (You took it off a frost giant on level 2 of the Depths)
 61863 | Depths:3 | crauler: лол, напомнил мне
 61869 | Depths:2 | Goblin1989: &
 61869 | Depths:2 | Goblin1989: ?
 61869 | Depths:2 | crauler: как я хотел сделать демонспавна с некромутом и когтями
 61869 | Depths:2 | Goblin1989: i?
 61873 | Depths:2 | crauler: так и не сделал
 61887 | Depths:3 | Goblin1989: твари
 61887 | Depths:3 | Goblin1989: ну вот как так можно? сдвинуть с места, а потом подогнать это энтропическую тварь
 61904 | Depths:3 | Goblin1989: дядя женя!
 61904 | Depths:3 | jacquesderrida: ГРЕМЛЕН И КРОУЛИРН
 61904 | Depths:3 | jacquesderrida: ХАйййййййййй
 61907 | Depths:3 | crauler: хули он не мрет
 61907 | Depths:3 | Reached XP level 23. HP: 142/202 MP: 19/38
 61912 | Depths:2 | jacquesderrida: Как вы относитесь к произошедшему с cszo
 61912 | Depths:2 | Goblin1989: что там случилось?
 61912 | Depths:2 | crauler: ну я на нем не играл, кто прав кто виноват в драме разбираться неохота
 61912 | Depths:2 | jacquesderrida: Аутист сломал сервер, а нил отказался его чинить
 61912 | Depths:2 | Goblin1989: ох боженьки
 61912 | Depths:2 | jacquesderrida: dreemurr aka rfjesuslegendary aka master jacques
 61912 | Depths:2 | crauler: из слов одной стороны "случайно сломал стрик(зарегался под тем же именем), словил бан, решил отомстить и начал ломать стрики
 61912 | Depths:2 | jacquesderrida: Сломал стрики, его забенили
 61912 | Depths:2 | Goblin1989: я раньше думал что сервер на дебиане сломать невожможно
 61912 | Depths:2 | jacquesderrida: Не случайно
 61917 | Depths:2 | jacquesderrida: Сторона пиздит
 61919 | Depths:2 | crauler: потом с какогото хера сз упал
 61920 | Depths:2 | jacquesderrida: Он до этого неделю спаммил чаты аски кодом
 61920 | Depths:2 | jacquesderrida: Крашил игры
 61920 | Depths:2 | crauler: как он его сломал?
 61922 | Depths:2 | jacquesderrida: Короче, смотрите сюда
 61931 | Depths:2 | jacquesderrida: Жил был этот ебонат
 62097 | Depths:2 | jacquesderrida: В очень плохом состоянии, хуй знает в каких условиях он живет
 62097 | Depths:2 | jacquesderrida: Жаловался на суицидальность, психосоматическую импотенцию и теде
 62097 | Depths:2 | jacquesderrida: Короче, a mess
 62133 | Depths:2 | jacquesderrida: Вот ему приспичило драмы покушать, начал спамить
 62152 | Depths:2 | jacquesderrida: Его просто посылали на хуй
 62152 | Depths:2 | jacquesderrida: Затем он сломал стрики, его наконец забенили
 62152 | Depths:2 | jacquesderrida: Он обидился и потер базы ксзо
 62152 | Depths:2 | Goblin1989: короче
 62152 | Depths:2 | Goblin1989: сервер вернут?
 62152 | Depths:2 | jacquesderrida: Там никакой секьюрити не было
 62152 | Depths:2 | jacquesderrida: Нет
 62152 | Depths:2 | jacquesderrida: нил не хочет
 62152 | Depths:2 | Goblin1989: кто такой нил?ъ
 62152 | Depths:2 | jacquesderrida: На форчине пиздец драма была
 62152 | Depths:2 | jacquesderrida: Смешная!
 62152 | Depths:2 | Goblin1989: кто такой нил?ъ
 62152 | Depths:2 | Goblin1989: кто такой нил?ъ
 62152 | Depths:2 | jacquesderrida: Этот еблан такое там писал
 62152 | Depths:2 | Goblin1989: кто такой нил?
 62152 | Depths:2 | Goblin1989: бля
 62152 | Depths:2 | jacquesderrida: Супер прост!
 62152 | Depths:2 | jacquesderrida: СЛЫШ ГРЕМЛЕН
 62152 | Depths:2 | jacquesderrida: Всему свое время!
 62152 | Depths:2 | jacquesderrida: Нарратив !
 62152 | Depths:2 | jacquesderrida: neil
 62152 | Depths:2 | Goblin1989: лан
 62152 | Depths:2 | jacquesderrida: Профессор математики!
 62154 | Depths:3 | jacquesderrida: Держал на свои денежнки ксзо
 62157 | Depths:2 | jacquesderrida: хостил...
 62176 | Depths:2 | jacquesderrida: нил же дримура и забенил
 62176 | Depths:2 | Goblin1989: это печальная история
 62176 | Depths:2 | jacquesderrida: как ломать стрики не скажу
 62185 | Depths:2 | jacquesderrida: Нехуй поваренную книгу анархиста раздавать как листовку!
 62204 | Depths:2 | jacquesderrida: хотя ладно
 62241 | Depths:2 | jacquesderrida: Просто регистрируешь чей-то существующий юзернейм на другом сервере
 62243 | Depths:2 | jacquesderrida: Запускаешь игру, умираешь
 62243 | Depths:2 | jacquesderrida: Стрику пезда...
 62243 | Depths:2 | Goblin1989: а
 62243 | Depths:2 | Goblin1989: ты вон о чем
 62243 | Depths:2 | jacquesderrida: Статистика шарится между одинаковыми юзернеймами всех серверов
 62243 | Depths:2 | Goblin1989: это я давно знаю
 62243 | Depths:2 | jacquesderrida: да
 62243 | Depths:2 | Goblin1989: у ззхс стрик вроде жив
 62243 | Depths:2 | jacquesderrida: похоже, удалили тред совсем
 62243 | Depths:2 | jacquesderrida: аркейо его только закрыл
 62243 | Depths:2 | jacquesderrida: жаль
 62243 | Depths:2 | jacquesderrida: Хороший был бы исторический памятник
 62243 | Depths:2 | jacquesderrida: соляной столп
 62243 | Depths:2 | jacquesderrida: содомский...
 62702 | Depths:3 | Reached skill level 15 in Air Magic
 62788 | Depths:3 | Identified Khufu's Papyrus of Unholy Rituals
 63033 | Depths:3 | Found a one-way gate leading to the halls of Pandemonium.
 63854 | Depths:4 | Found a one-way gate to the infinite horrors of the Abyss.
 64150 | Depths:4 | Found a gateway to a ziggurat.
 64426 | Depths:4 | Found a runed door.
 64438 | Depths:4 | Found a runed door.
 64477 | Depths:4 | Found a burning altar of Makhleb.
 64863 | Depths:5 | Entered Level 5 of the Depths
 64961 | Depths:5 | Reached XP level 24. HP: 210/210 MP: 24/40
 64986 | Depths:5 | Learned a level 6 spell: Statue Form
 65113 | Depths:4 | Goblin1989: ?beem
 65113 | Depths:4 | Goblin1989: !beem
 65113 | Depths:4 | Goblin1989: beem
 65113 | Depths:4 | Goblin1989: работай, сука
 65113 | Depths:4 | Goblin1989: блять
 65113 | Depths:4 | Goblin1989: ладно
 65248 | Depths:5 | Noticed a juggernaut
 65257 | Depths:5 | Killed a juggernaut
 65263 | Depths:5 | Reached skill level 5 in Shields
 65721 | Depths:5 | Found a runed door.
 65721 | Depths:5 | Found a runed door.
 65850 | Depths:5 | Found a runed door.
 65857 | Depths:5 | Found a runed door.
 65938 | Depths:5 | ololoev: mottled gobbo
 66041 | Depths:5 | Goblin1989: ололоев!
 66041 | Depths:5 | ololoev: я вернулся
 66041 | Depths:5 | ololoev: из заслуженного отпуска
 66041 | Depths:5 | Goblin1989: с работы не пускали? :)
 66042 | Depths:5 | Found a runed door.
 66042 | Depths:5 | Found a runed door.
 66397 | Depths:4 | Reached skill level 19 in Air Magic
 66556 | Depths:5 | Found a gate to the Realm of Zot.
 66717 | Depths:5 | Goblin1989: хм
 66717 | Depths:5 | Goblin1989: а почему я торнадо не могу кастовать?
 66717 | Depths:5 | SaintRoka: press c?
 66717 | Depths:5 | SaintRoka: no monsters
 66717 | Depths:5 | SaintRoka: armourd
 66717 | Depths:5 | SaintRoka: around
 66717 | Depths:5 | Goblin1989: спасибо
 66717 | Depths:5 | Goblin1989: не подумал о этом
 66907 | Vaults:3 | Reached skill level 10 in Shields
 66987 | Crypt:1  | Entered Level 1 of the Crypt
 67325 | Crypt:1  | ololoev: ты еще не вкачал лучший спелл в игре?
 67325 | Crypt:1  | Goblin1989: какой?
 67517 | Crypt:1  | ololoev: z ghj AI
 67517 | Crypt:1  | ololoev: я про ФШ
 67517 | Crypt:1  | Goblin1989: ФШ? О_О
 67517 | Crypt:1  | Goblin1989: Это что?
 67517 | Crypt:1  | ololoev: ФайерШторм
 67517 | Crypt:1  | Goblin1989: эээээ
 67517 | Crypt:1  | Goblin1989: у меня же торнадо
 67517 | Crypt:1  | Goblin1989: и вот теперь еще цблинк есть
 67517 | Crypt:1  | ololoev: да я вообще так шуткаю
 67517 | Crypt:1  | Goblin1989: но до него дооолго
 67517 | Crypt:1  | Goblin1989: ппц долго до него :(
 67517 | Crypt:1  | Goblin1989: на него еще слова нужно найти
 67548 | Crypt:1  | ololoev: слова?
 67548 | Crypt:1  | Goblin1989: спеллкастинг качать нужно
 67548 | Crypt:1  | Goblin1989: спеллов нет
 67548 | Crypt:1  | ololoev: а, слоты
 67548 | Crypt:1  | Goblin1989: 7 штук нужно :(
 67548 | Crypt:1  | Goblin1989: кстати
 67548 | Crypt:1  | Goblin1989: вот эта иррадиатэ что за чтука?
 67548 | Crypt:1  | ololoev: забудь стик ту снейкс, +2 слота
 67548 | Crypt:1  | ololoev: ирредиэйт дамажит все соседние клетки иррезистибл дамагом
 67548 | Crypt:1  | Goblin1989: не, она спасает иногда
 67548 | Crypt:1  | ololoev: ??irradiate
 67548 | Crypt:1  | beem: irradiate[1/3]: L5 Tm/Cj. Does nontrivial damage to all adjacent enemies and {malmutate}s them, at the cost of significant contam (zero to yellow in 2-4 casts). Contamination from one cast is 1499+1d1500.
 67548 | Crypt:1  | ololoev: по сути можно пару раз кастануть если не было контама и ЗОПОЛОНИЛИ ДЕМОНЫ
 67563 | Crypt:1  | ololoev: ??irrad[2
 67564 | Crypt:1  | beem: I don't have a page labeled irrad[2] in my learndb.
 67564 | Crypt:1  | ololoev: ??irradiate[2
 67564 | Crypt:1  | beem: malmutate[1/2]: Enemy spell that gives you a usually bad mutation. 80% chance of a bad mutation, else random mutation. Monsters that get malmutated get -4 AC and -10% HD per stack, up to 5 stacks.
 67564 | Crypt:1  | ololoev: хреновый лерндб
 67564 | Crypt:1  | Goblin1989: ктати
 67564 | Crypt:1  | ololoev: как ирред на малмут попадает?
 67564 | Crypt:1  | Goblin1989: beem дает справку по текущей сики или по вики моей версии игры?
 67573 | Crypt:1  | ololoev: по лерндб, а в ней уже инфа более-менее по транку
 67573 | Crypt:1  | ololoev: с неоторым отставанием
 67573 | Crypt:1  | Goblin1989: понятно
 67726 | Crypt:1  | ololoev: как ыт силу потерял только что?
 67731 | Crypt:1  | ololoev: у тебя детор?
 67731 | Crypt:1  | Goblin1989: ?
 67731 | Crypt:1  | ololoev: Str: 34 (35)
 67741 | Crypt:1  | ololoev: куда сила делась?
 67747 | Crypt:1  | Goblin1989: не знаю
 67747 | Crypt:1  | Goblin1989: миткаст наверное
 67749 | Crypt:2  | ololoev: у эйдолон статдрейнящее мили
 67749 | Crypt:2  | ololoev: 17 (hit: drain stat)
 67750 | Crypt:2  | crauler: что тут у нас
 67750 | Crypt:2  | crauler: чеим
 67750 | Crypt:2  | ololoev: даггер сыра
 67984 | Crypt:2  | ololoev: ленивому чеиту влом дойти за монетками
 67990 | Crypt:2  | Goblin1989: ага
 67990 | Crypt:2  | Goblin1989: да умирать постоянно надоело
 68061 | Crypt:2  | ololoev: а ты не умирай
 68063 | Crypt:2  | ololoev: тоже мне проблема
 68063 | Crypt:2  | Goblin1989: спасибо за совет )))
 68063 | Crypt:2  | Goblin1989: постараюсь )))
 68077 | Crypt:2  | Noticed Boris
 68087 | Crypt:2  | Killed Boris
 68087 | Crypt:2  | Reached XP level 25. HP: 216/216 MP: 41/41
 68137 | Crypt:2  | Noticed Mara
 68143 | Crypt:2  | Killed Mara
 68151 | Crypt:2  | ololoev: зачем столько змиев? Они табати мешают!
 68152 | Crypt:2  | ololoev: вой джодир!
 68152 | Crypt:2  | ololoev: пожаловал
 68152 | Crypt:2  | Goblin1989: там меннас
 68152 | Crypt:2  | jacquesderrida: АААаааааааааааааааааааааааааай
 68152 | Crypt:2  | Goblin1989: где-то
 68152 | Crypt:2  | jacquesderrida: Ломаир
 68152 | Crypt:2  | jacquesderrida: ХАЙ
 68152 | Crypt:2  | crauler: ай лмао
 68152 | Crypt:2  | Goblin1989: дядя женя!
 68153 | Crypt:2  | jacquesderrida: ХАЙ МАЛЫШ ГРЕЛМЕН
 68155 | Crypt:2  | jacquesderrida: Змеи это мем
 68155 | Crypt:2  | Goblin1989: дядя женя
 68155 | Crypt:2  | jacquesderrida: Когда упал ксзо и я ходил на форчин за подробностями, там он был
 68155 | Crypt:2  | jacquesderrida: Мем этот
 68155 | Crypt:2  | Goblin1989: стрики не со всех серверов убиваются
 68155 | Crypt:2  | jacquesderrida: Анатей, убитый гадюками...
 68155 | Crypt:2  | Goblin1989: с австралийского не убьешь стрик
 68155 | Crypt:2  | jacquesderrida: "Австралийского"
 68155 | Crypt:2  | jacquesderrida: ЛОЛ!
 68155 | Crypt:2  | Goblin1989: ну да
 68155 | Crypt:2  | jacquesderrida: Его первее аллигаторы сожрут!
 68155 | Crypt:2  | crauler: ухожу в австрию
 68155 | Crypt:2  | jacquesderrida: И кенгуру ебнет по балде!
 68155 | Crypt:2  | Goblin1989: австрийского что ли?
 68155 | Crypt:2  | Goblin1989: короче
 68155 | Crypt:2  | jacquesderrida: Забудешь как звали!
 68155 | Crypt:2  | Goblin1989: который проект какие-то там цифры
 68160 | Crypt:2  | jacquesderrida: 133769666
 68162 | Crypt:2  | crauler: 4815162342
 68190 | Crypt:2  | jacquesderrida: Неспокойно в маськве, однако!!!
 68190 | Crypt:2  | crauler: >часть бросил в официанта
 68190 | Crypt:2  | ololoev: в одном из популярных элитных ресторанов в Самаре
 68190 | Crypt:2  | Goblin1989: Лол
 68190 | Crypt:2  | Goblin1989: мне вот интересно
 68190 | Crypt:2  | Goblin1989: А КАК ОН ЭТО ДЕЛАЛ, РУКАМИ?
 68190 | Crypt:2  | jacquesderrida: Самара, москва!
 68191 | Crypt:2  | ololoev: больше не поеду в Самару
 68191 | Crypt:2  | ololoev: ложкой
 68191 | Crypt:2  | jacquesderrida: Конечно, а чем еще
 68207 | Crypt:2  | jacquesderrida: Если есть ориентация на гомнецо, то почему бы и нет
 68209 | Crypt:2  | jacquesderrida: А без этой ориентации и срать бы не стал!
 68227 | Crypt:2  | jacquesderrida: Культурный стыд отменился любовью к тонкой бежевой материи...
 68261 | Crypt:2  | ololoev: лол я только что познал суть DEFE
 68264 | Crypt:2  | ololoev: ye rjnjhsq gznyflwfnbheyobr
 68264 | Crypt:2  | jacquesderrida: Размазывать по столу???!!!
 68264 | Crypt:2  | ololoev: который пяднадцатирунщик
 68264 | Crypt:2  | ololoev: он играет файтерами
 68264 | Crypt:2  | jacquesderrida: ну
 68264 | Crypt:2  | ololoev: в принципе можно сделать стрик
 68264 | Crypt:2  | ololoev: тогда он будет STREEK FIGHTE
 68264 | Crypt:2  | ololoev: *R
 68264 | Crypt:2  | jacquesderrida: бля угараиш лалеев нимагу
 68264 | Crypt:2  | jacquesderrida: У меня перед сном помутнение произошло...
 68264 | Crypt:2  | ololoev: хз что тут смешного, но мне смешно
 68264 | Crypt:2  | jacquesderrida: Лежал на диване, но показалось, что сейчас упаду........
 68264 | Crypt:2  | ololoev: с дивана или во сне?
 68264 | Crypt:2  | jacquesderrida: С дивана...
 68264 | Crypt:2  | crauler: во сне с дивана?
 68264 | Crypt:2  | ololoev: я проснулся среди ночи и понял что
 68264 | Crypt:2  | ololoev: грохнулся с диваа-нааа
 68264 | Crypt:2  | jacquesderrida: NE PROST
 68264 | Crypt:2  | jacquesderrida: С ПАЦАНАМИ МЕМИЛ
 68264 | Crypt:2  | jacquesderrida: И ВДРУГ УУУУУУУУУУУУУУ
 68300 | Crypt:2  | ololoev: vtvbnm c gfwfyfvb
 68300 | Crypt:2  | ololoev: мемить с пацанами
 68300 | Crypt:2  | ololoev: мемил
 68300 | Crypt:2  | ololoev: мемчики
 68300 | Crypt:2  | crauler: мемить это успешно
 68320 | Crypt:2  | ololoev: надо прекращать сидеть в треде
 68381 | Crypt:2  | Noticed Mennas
 68382 | Crypt:2  | ololoev: я уже начал различать игроков по их постам
 68388 | Crypt:2  | Killed Mennas
 68388 | Crypt:2  | Reached skill level 20 in Air Magic
 68390 | Crypt:2  | crauler: да он вообще уже какойто тухлый
 68407 | Crypt:2  | crauler: НЕ ТО ЧТО РАНЬШЕ
 68450 | Crypt:2  | Reached skill level 15 in Spellcasting
 68499 | Crypt:2  | ololoev: да, я кстати удивился что тред еще с позапрошлой недели висит
 68502 | Crypt:2  | ololoev: и 400 постов всего набрал
 68712 | Crypt:2  | Goblin1989: что такое тред?
 68715 | Crypt:3  | Entered Level 3 of the Crypt
 68726 | Crypt:3  | ololoev: https://2ch.hk/vg/res/16264704.html
 68726 | Crypt:3  | ololoev: вот эта хрень
 68726 | Crypt:3  | jacquesderrida: Тред это разновидность гусеничных траков на танке
 68726 | Crypt:3  | jacquesderrida: Они милитаристы, гренлем!!
 68726 | Crypt:3  | ololoev: тут сидит большая часть людей, которых ты видишь в чате
 68726 | Crypt:3  | jacquesderrida: ЛОЖЬ!!!!!!!
 68726 | Crypt:3  | Goblin1989: яы
 68726 | Crypt:3  | ololoev: ну в данный момент да, меньшая
 68729 | Crypt:3  | jacquesderrida: Мы с СЕЙНКТ КОКой не сидим!!
 68739 | Crypt:3  | ololoev: ну и бим тоже не сидит
 68740 | Crypt:3  | ololoev: он вообще машина
 68740 | Crypt:3  | ololoev: !beem
 68740 | Crypt:3  | ololoev: не откликается
 68740 | Crypt:3  | Goblin1989: это будет карта в виде черепа
 68740 | Crypt:3  | ololoev: гордый
 68745 | Crypt:3  | crauler: ??beem
 68745 | Crypt:3  | beem: beem[1/2]: A WebTiles/Twitch chat bot that relays commands to Sequell, Gretell, and Cheibriados. See https://github.com/gammafunk/beem/blob/master/docs/commands.md and https://github.com/gammafunk/beem/ for source
 68746 | Crypt:3  | crauler: кто на твитче в кравл интересно играет
 68746 | Crypt:3  | crauler: и зачем
 68746 | Crypt:3  | ololoev: то ли дпег то ли дрке вроде
 68746 | Crypt:3  | Goblin1989: да в основном те кто этого делать не умеет
 68781 | Crypt:3  | crauler: просто зачем стримить в игре, где стрим автоматом встроен
 68796 | Crypt:3  | ololoev: в твитче можно голосом еще хреначить прямо в микрофон
 68796 | Crypt:3  | Goblin1989: ОНИ ЛОКАЛЬНО ИГРАЮТ
 68804 | Crypt:3  | crauler: СЕЙВСКАМИР НЕ ЧЕЛОВЕК
 68809 | Crypt:3  | crauler: БЕЙТЕ ЕГО, УНИЖАЙТЕ
 68938 | Crypt:3  | ololoev: гоббо, ты же к нам из ВК пришел?
 68938 | Crypt:3  | Goblin1989: ну
 68938 | Crypt:3  | ololoev: почему там все называют Федхаса Ферналом?
 68938 | Crypt:3  | Goblin1989: скорее с американского сервера
 68938 | Crypt:3  | Goblin1989: первые-то игры онлайн я там прошел
 69025 | Crypt:3  | Goblin1989: а так да
 69025 | Crypt:3  | jacquesderrida: Гаммер играет
 69025 | Crypt:3  | jacquesderrida: Только ночью с поцонами там мемил
 69025 | Crypt:3  | Goblin1989: я до сих пор в вк-шной группе иногда сижу
 69025 | Crypt:3  | Found an ancient bone altar of Kikubaaqudgha.
 69064 | Crypt:3  | jacquesderrida: лол че
 69073 | Crypt:3  | jacquesderrida: давайте линки, явки, голые фотокарточки
 69076 | Crypt:3  | jacquesderrida: весь набор
 69076 | Crypt:3  | Goblin1989: в вк есть группа по кроулу
 69076 | Crypt:3  | Goblin1989: там даже 400 человек есть
 69076 | Crypt:3  | Goblin1989: СЕКТА
 69093 | Crypt:3  | jacquesderrida: бля че
 69098 | Crypt:3  | jacquesderrida: трубка не зажигается
 69101 | Crypt:3  | jacquesderrida: не хочет
 69103 | Crypt:3  | jacquesderrida: отказывается
 69153 | Crypt:3  | ololoev: положжь трубку!
 69168 | Crypt:3  | ololoev: я в среднем раз в пару недель смотрю что нового появляется в вкшной группе
 69168 | Crypt:3  | ololoev: иногда угораю
 69183 | Crypt:3  | crauler: заинтересовали
 69183 | Crypt:3  | Goblin1989: ну да
 69183 | Crypt:3  | crauler: там походу как реддит ток хуже
 69183 | Crypt:3  | crauler: мибе 15 рун
 69183 | Crypt:3  | Goblin1989: есть там некоторые
 69183 | Crypt:3  | crauler: оооооо
 69217 | Crypt:3  | jacquesderrida: мемов много?
 69217 | Crypt:3  | jacquesderrida: Мемеров?!
 69217 | Crypt:3  | crauler: МАЛО
 69238 | Crypt:3  | jacquesderrida: Какова средняя концентрация на кв. метр
 69243 | Crypt:3  | crauler: конечн, но глубже пауки убили тк играл то я осьминожкой файтером по гайду http://crawl.chaosforge.org/Berder's_Octopode_Fig.
 69248 | Crypt:3  | crauler: лол
 69255 | Crypt:3  | crauler: викигайды
 69314 | Crypt:3  | crauler: мне продолжать срать избранными цитатами?
 69314 | Crypt:3  | Goblin1989: da
 69317 | Crypt:3  | crauler: Октопод файтер лучше идет через Gozag с polearm, хорошие кольца быстрее, а polearm позволяет атаковать без ответа из воды. Есть шанс получить кольцо с umbra тогда Dithmedos бесполезен.
 69317 | Crypt:3  | jacquesderrida: лол БЕРДЕР
 69317 | Crypt:3  | jacquesderrida: Пиздец
 69317 | Crypt:3  | crauler: >есть шанс получить умбра
 69319 | Crypt:3  | jacquesderrida: Чикен дейстроера будут помнить в славински...
 69326 | Crypt:3  | ololoev: меня притягивает ненаигранная наивность посетителей этого треда
 69328 | Crypt:3  | crauler: это как есть шанс найти холи, тсо бесполезен значит
 69337 | Crypt:3  | jacquesderrida: Гайды гамно, есть только один истинный гайд
 69339 | Crypt:3  | jacquesderrida: ??gham
 69339 | Crypt:3  | beem: badwiki gham guide[1/1]: THE ULTYMATE RESISTANCES OF THE GHOUL COMBINED WITH POWYRFUL CLAW ATTACKS + RANGED SUPERIORITY FROM OF THE ARKANE MARKSPERSON MAKES THE GHAM THE POWER CLASS OF 0.8, 0.10, AND 0.11. GO FOR SPLINT MAIL FOR MAXIMUM PROTECTION + FLEXIBILITY // - THIS GUIDE BY SLAUGHTRO POWER CRAWLMASTER X
 69352 | Crypt:3  | crauler: ммм, несуществующие предметы
 69355 | Crypt:3  | crauler: сплинт мейл
 69360 | Crypt:3  | crauler: по пробую сделать ещё одну попытку в спригаана онлайн. завтра в 3 часа. http://crawl.akrasiac.org:8080/#watch-KristoblXynda если вам нужен мой унылый голос skype kristoblxynda
 69360 | Crypt:3  | crauler: итоги-я ебал транк и его баланс
 69372 | Crypt:3  | Goblin1989: так ниже он позиционировал себя как супер-пупер игрока
 69385 | Crypt:3  | Goblin1989: БЭКАПЕР
 69456 | Crypt:3  | crauler: даже всякие игроки из вк догадываются
 69456 | Crypt:3  | crauler: этот выше
 69462 | Crypt:3  | crauler: Перестал играть с выходом 0.17, когда понял, что большая часть не нравящихся мне изменений пошла в релиз
 69472 | Crypt:3  | Goblin1989: а я вот играю
 69472 | Crypt:3  | crauler: EVEN DEMONS KNOW
 69472 | Crypt:3  | Goblin1989: В 0,17 КАК РАЗ
 69513 | Crypt:3  | Got a brightly glowing silver ring
 69514 | Crypt:3  | jacquesderrida: ??xtahua
 69514 | Crypt:3  | beem: XTAHUA[1/3]: A POWERFUL UNIQUE DRAGON, USUALLY FOUND IN THE MIDGAME. BREATHES PAINFUL (3D38) FIRE, BUT VULNERABLE TO COLD. HIS MELEE DAMAGE POTENTIAL IS NOTHING TO SNEEZE AT, EITHER. AT SOME POINT DURING HIS YEARS AS AN ANCIENT AND MIGHTY DRAGON, HE LEARNED HOW TO OPEN, AND THEN SMASH, DOORS.
 69514 | Crypt:3  | Identified the ring of Seunamum {rPois AC+1 SInv Stlth+} (You found it on level 3 of the Crypt)
 69515 | Crypt:3  | ololoev: таки в вк даже есть чел с 14 победами, из них 7 15-рунок
 69518 | Crypt:3  | jacquesderrida: Вот ето локх!
 69519 | Crypt:3  | crauler: ??xtahua[3]
 69519 | Crypt:3  | beem: XTAHUA[3/3]: http://xtahua.com/
 69520 | Crypt:3  | crauler: lol
 69520 | Crypt:3  | jacquesderrida: da
 69522 | Crypt:3  | jacquesderrida: meme'd
 69550 | Crypt:3  | Noticed Jory
 69550 | Crypt:3  | Found a staircase to the Tomb.
 69552 | Crypt:3  | ololoev: опа
 69552 | Crypt:3  | ololoev: 201 это круто
 69552 | Crypt:3  | Goblin1989: ой
 69552 | Crypt:3  | Goblin1989: чуть не уписался
 69552 | Crypt:3  | jacquesderrida: че
 69552 | Crypt:3  | jacquesderrida: jerry ahooel
 69552 | Crypt:3  | Goblin1989: кастанул на меня 3 копья подряд
 69552 | Crypt:3  | jacquesderrida: @??jory
 69552 | Crypt:3  | crauler: ??jory
 69552 | Crypt:3  | beem: jory[1/2]: Unique vampire with crystal spear. And mesmerise. And crystal spear. No longer restricted to vaults! (And his tower isn't silent any more.)
 69552 | Crypt:3  | jacquesderrida: @??jory
 69552 | Crypt:3  | crauler: что у вас привычка @ добавлять еще
 69552 | Crypt:3  | jacquesderrida: Ябоный бин сломался
 69552 | Crypt:3  | crauler: ??jory
 69552 | Crypt:3  | beem: jory[1/2]: Unique vampire with crystal spear. And mesmerise. And crystal spear. No longer restricted to vaults! (And his tower isn't silent any more.)
 69552 | Crypt:3  | jacquesderrida: @??jory
 69552 | Crypt:3  | jacquesderrida: ЛОЛ
 69552 | Crypt:3  | jacquesderrida: Тут бин бракованый, что ле
 69552 | Crypt:3  | jacquesderrida: @??adder
 69552 | Crypt:3  | jacquesderrida: Ага
 69552 | Crypt:3  | Goblin1989: вот ведь вопрос
 69552 | Crypt:3  | jacquesderrida: не работает, мразь
 69552 | Crypt:3  | Goblin1989: что же делать, что же делать
 69552 | Crypt:3  | crauler: вы меня тралите чтоли
 69552 | Crypt:3  | Goblin1989: он в мили на спир забьет или еще рез жахнуть попробует?
 69552 | Crypt:3  | crauler: может и попробовать
 69552 | Crypt:3  | crauler: шанс ниже но остается
 69552 | Crypt:3  | ololoev: попробовать может
 69552 | Crypt:3  | ololoev: разве шанс занижается?
 69552 | Crypt:3  | jacquesderrida: @?jory
 69552 | Crypt:3  | ololoev: блинкайся
 69552 | Crypt:3  | crauler: а хуй знает честно говоря
 69552 | Crypt:3  | jacquesderrida: Sooking syn
 69552 | Crypt:3  | crauler: ??ai
 69552 | Crypt:3  | beem: I don't have a page labeled ai in my learndb. Did you mean: a, ac, ae, af, air, ak, am, ar, as, ax, fi, i, mi, ti.
 69552 | Crypt:3  | ololoev: ??@jory
 69552 | Crypt:3  | beem: @jory ~ jory[1/2]: Unique vampire with crystal spear. And mesmerise. And crystal spear. No longer restricted to vaults! (And his tower isn't silent any more.)
 69552 | Crypt:3  | ololoev: вот гад
 69553 | Crypt:3  | jacquesderrida: @??goblin
 69553 | Crypt:3  | ololoev: холи читай
 69553 | Crypt:3  | ololoev: ну или лучше теле
 69563 | Crypt:3  | ololoev: все равно лучше похилиться сначала
 69618 | Crypt:3  | BrandedWarrior: О, появились. Я думал пропали надолго.
 69628 | Crypt:3  | BrandedWarrior: А тут аж 5 сразу.
 69642 | Crypt:3  | Killed Jory
 69643 | Crypt:3  | ololoev: Брендан
 69643 | Crypt:3  | ololoev: сегодня день возвращений
 69643 | Crypt:3  | ololoev: все вернулись
 69668 | Crypt:3  | BrandedWarrior: Замечательно. Я сейчас попробую через ssh зайти сюда же.
 69924 | Vaults:5 | Entered Level 5 of the Vaults
 69931 | Vaults:5 | Goblin1989: опаньки
 69931 | Vaults:5 | Goblin1989: впервые такое вижу
 69931 | Vaults:5 | crauler: гаргу с лыжей?
 69931 | Vaults:5 | Goblin1989: ага
 69931 | Vaults:5 | crauler: подобрала походу
 69931 | Vaults:5 | crauler: ??war gargoyle
 69932 | Vaults:4 | beem: war gargoyle[1/1]: Replaces metal gargoyles in 0.14. Has lowish HP in exchange for being speed 14, having good AC and damage, and being able to breathe 3d27 metal splinters at you.
 69942 | Vaults:4 | Learned a level 8 spell: Controlled Blink
 69951 | Vaults:4 | BrandedWarrior: Не вариант. Если что-то печатать не по-русски...
 69951 | Vaults:4 | BrandedWarrior: а вот посмотреть куда не шло. Или самому играть. Но экран маленький-отвык =D
 69951 | Vaults:4 | jacquesderrida: @??jory
 69951 | Vaults:4 | jacquesderrida: Да хуль бин сломался
 69951 | Vaults:4 | BrandedWarrior: это мне?
 69953 | Vaults:4 | jacquesderrida: ЧЕ
 69969 | Vaults:4 | jacquesderrida: Брендан, так ты и есть бим???
 69971 | Vaults:4 | jacquesderrida: Щииииииет
 69974 | Vaults:5 | BrandedWarrior: не, это вообще кто такой =)
 69977 | Vaults:4 | jacquesderrida: ??beem
 69977 | Vaults:4 | beem: beem[1/2]: A WebTiles/Twitch chat bot that relays commands to Sequell, Gretell, and Cheibriados. See https://github.com/gammafunk/beem/blob/master/docs/commands.md and https://github.com/gammafunk/beem/ for source
 69977 | Vaults:4 | jacquesderrida: ETOT PACAN
 69981 | Vaults:4 | jacquesderrida: Блин, а где теперь вообще смотреть циферки монстров
 69983 | Vaults:4 | jacquesderrida: Если не работает @???
 70125 | Vaults:5 | BrandedWarrior: честно, не знаю. С ботами не разговариваю. =D
 70125 | Vaults:5 | jacquesderrida: ДОВАЙ ТОРНАДИРА
 70126 | Vaults:5 | jacquesderrida: Найс...
 70127 | Vaults:5 | Noticed Boris
 70127 | Vaults:5 | Reached XP level 26. HP: 225/225 MP: 33/44
 70127 | Vaults:5 | BrandedWarrior: Борис
 70128 | Vaults:5 | Noticed an ancient lich
 70128 | Vaults:5 | Reached skill level 10 in Translocations
 70128 | Vaults:5 | BrandedWarrior: Да почему он вам так часто выпадает?
 70130 | Vaults:5 | crauler: боря
 70132 | Vaults:4 | jacquesderrida: в смисли
 70132 | Vaults:4 | jacquesderrida: он всегда есть
 70132 | Vaults:4 | Goblin1989: погодь!
 70132 | Vaults:4 | jacquesderrida: как и остальные уникальные монстары...
 70132 | Vaults:4 | BrandedWarrior: Я это гада ни разу не встречал за все свои игры.
 70132 | Vaults:4 | Goblin1989: у меня уже был бориска!
 70132 | Vaults:4 | jacquesderrida: Он вечный
 70132 | Vaults:4 | jacquesderrida: ??boris
 70132 | Vaults:4 | beem: boris[1/3]: A unique lich who has an awesome habit of staying undead. Spells: bolt of cold, invisibility, animate dead, iron shot, iood.
 70132 | Vaults:4 | jacquesderrida: staying undead
 70132 | Vaults:4 | jacquesderrida: нерды хотели сказать, что он не умирает!
 70132 | Vaults:4 | crauler: ??boris[2]
 70132 | Vaults:4 | jacquesderrida: ??boris [2
 70132 | Vaults:4 | beem: boris[2/3]: IRON BOLT DRAIN CRYSTAL SPEAR LOL HI IM BORIS
 70132 | Vaults:4 | beem: boris[2/3]: IRON BOLT DRAIN CRYSTAL SPEAR LOL HI IM BORIS
 70132 | Vaults:4 | Goblin1989:
 68077 | Crypt:2  | Noticed Boris
 68087 | Crypt:2  | Killed Boris
 70132 | Vaults:4 | jacquesderrida: ??boris [3
 70132 | Vaults:4 | beem: boris[3/3]: Boris says to your 12-headed hydra, "You haven't seen the last of me!"
 70133 | Vaults:4 | crauler: занерфили смотрю
 70134 | Vaults:4 | crauler: ни кристала ни дрейна
 70137 | Vaults:5 | Goblin1989: так
 70137 | Vaults:5 | Goblin1989: кому орб оф дестракшн?
 70138 | Vaults:5 | BrandedWarrior: хе, борису?
 70138 | Vaults:5 | Goblin1989: хз
 70138 | Vaults:5 | Goblin1989: он видимо не отрефлектился
 70139 | Vaults:5 | Killed Boris
 70140 | Vaults:5 | Killed an ancient lich
 70308 | Vaults:5 | crauler: Если есть желание ограничиваться этим, то кто тебе запретит? Но статуя поднимается до д12, и уже ею можно выиграть. А потом торнадо сверху накручивается, ибо всё равно экспу некуда девать. Заодно ДМсл. Впрочем, на вкус и цвет лошади разные.
 70308 | Vaults:5 | crauler: лол, казуал не скрывается
 70311 | Vaults:5 | Learned a level 2 spell: Stoneskin
 70404 | Vaults:5 | BrandedWarrior: бедный борис, а мы твоей смерти и не заметили.
 70405 | Vaults:5 | Goblin1989: лол
 70405 | Vaults:5 | Goblin1989: а ведь и правда
 70471 | Vaults:5 | Goblin1989: хех
 70471 | Vaults:5 | Goblin1989: сблинк почти цблинкается
 70485 | Vaults:5 | Identified the Tome of Mutagenic Battle Magic
 70667 | Vaults:5 | Noticed an ancient lich
 70672 | Vaults:5 | Killed an ancient lich
 70698 | Vaults:5 | Identified a scroll of acquirement
 70739 | Vaults:5 | Identified Ozocubu's Tome of Cold (You found it on level 5 of the Vaults)
 70739 | Vaults:5 | Got a silver rune of Zot
 70943 | Vaults:5 | Got an ancient ivory ring
 70987 | Vaults:5 | Identified the ring of Xoag {MR+ Str+7 Int+5} (You took it off an ironheart preserver on level 5 of the Vaults)
 71372 | Vaults:5 | Reached skill level 15 in Shields
 71536 | Vaults:4 | Goblin1989: !beem unsubscribe
 71536 | Vaults:4 | beem: Unsubscribed. beem will no longer watch games of user Goblin1989. Bye!
 72074 | Lair:8   | Found a staircase to the Slime Pits.
 72694 | Depths:4 | Voluntarily entered the Abyss.
 72708 | Abyss:1  | Found a corrupted altar of Lugonu.
 72807 | Abyss:1  | Paralysed by accursed screaming for 1 turns
 72809 | Abyss:1  | Paralysed by accursed screaming for 1 turns
 72919 | Abyss:1  | Reached XP level 27. HP: 233/233 MP: 44/44
 73136 | Depths:4 | Escaped the Abyss
 73141 | Depths:4 | Voluntarily entered the Abyss.
 74285 | Abyss:3  | Gained mutation: You are weak. (Str -2) [a neqoxec]
 74469 | Depths:4 | Escaped the Abyss
 74495 | Depths:4 | Voluntarily entered the Abyss.
 74952 | Abyss:3  | Paralysed by accursed screaming for 1 turns
 75532 | Abyss:3  | Gained mutation: You occasionally shout uncontrollably at your foes. [a neqoxec]
 75610 | Abyss:3  | Found a corrupted altar of Lugonu.
 75828 | Abyss:4  | Found a runed door.
 75828 | Abyss:4  | Found a runed door.
 75859 | Abyss:4  | Found a runed door.
 75859 | Abyss:4  | Found a runed door.
 75870 | Abyss:4  | Found a runed door.
 75872 | Abyss:4  | Got an abyssal rune of Zot
 76155 | Abyss:4  | Reached skill level 21 in Unarmed Combat
 76238 | Abyss:4  | Paralysed by accursed screaming for 1 turns
 76243 | Abyss:4  | Paralysed by accursed screaming for 1 turns
 76247 | Abyss:4  | Paralysed by accursed screaming for 2 turns
 76307 | Depths:4 | Escaped the Abyss
 76361 | Depths:4 | Lost mutation: You occasionally shout uncontrollably at your foes. [potion of cure mutation]
 76361 | Depths:4 | Lost mutation: You are weak. (Str -2) [potion of cure mutation]
 76449 | Pan      | Entered Pandemonium
 76590 | Pan      | Noticed Laat the pandemonium lord
 76601 | Pan      | Killed Laat the pandemonium lord
 76824 | Pan      | Found an exit through the horrors of the Abyss.
 77049 | Pan      | Noticed a seraph
 77519 | Pan      | Reached skill level 22 in Unarmed Combat
 77589 | Pan      | Killed a seraph
 77610 | Pan      | Found a glowing golden altar of the Shining One.
 77623 | Pan      | Identified the Almanac of Frigorific Attacks
 77629 | Pan      | Identified the Incunabulum of Stolen Souls
 77633 | Pan      | Identified Kahaam's Reference Book on the Quantum Escort
 77638 | Pan      | Got a demonic rune of Zot
 77642 | Pan      | Identified the Volume of Igneous Conjuration
 77790 | Pan      | Found an exit through the horrors of the Abyss.
 77817 | Pan      | Noticed DEFE's ghost (legendary DEFi)
 77844 | Pan      | Killed DEFE's ghost
 78296 | Pan      | jacquesderrida: Хай
 78298 | Pan      | jacquesderrida: Гренлем
 78298 | Pan      | Goblin1989: приветы
 78298 | Pan      | jacquesderrida: Я беженец из далекой волшебной страны
 78307 | Pan      | jacquesderrida: Мне нужно убежище и горячая похлебка
 78309 | Pan      | jacquesderrida: Я планирую начать жизнь вдали от драконов, эльфов и мемов
 78309 | Pan      | Goblin1989: а за че выгнали-то?
 78309 | Pan      | Goblin1989: а за че выгнали-то?
 78316 | Pan      | jacquesderrida: Мемоклизм разрушил страну до основания
 78316 | Pan      | jacquesderrida: Земля разверзлась и все эльфы провалились под землю
 78371 | Pan      | Found a gateway to a ziggurat.
 78383 | Zig:1    | Entered Level 1 of a ziggurat
 78417 | Zig:2    | Entered Level 2 of a ziggurat
 78446 | Zig:3    | Entered Level 3 of a ziggurat
 78474 | Zig:4    | Entered Level 4 of a ziggurat
 78518 | Zig:5    | Entered Level 5 of a ziggurat
 78567 | Zig:6    | Entered Level 6 of a ziggurat
 78606 | Zig:7    | Entered Level 7 of a ziggurat
 78638 | Zig:8    | Entered Level 8 of a ziggurat
 78705 | Zig:9    | Entered Level 9 of a ziggurat
 78719 | Zig:9    | Reached skill level 23 in Unarmed Combat
 78738 | Zig:9    | Identified the Collected Works on Hexes and Enhancements (You found it on level 9 of a ziggurat)
 78772 | Zig:9    | Got a steaming copper ring
 78773 | Zig:9    | Identified the ring of the Genius {+Fly rElec MR+ Int+4} (You found it on level 9 of a ziggurat)
 78783 | Zig:10   | Entered Level 10 of a ziggurat
 78784 | Zig:10   | ololoev: что планируешь делать?
 78784 | Zig:10   | Goblin1989: не умирать
 78784 | Zig:10   | ololoev: а, лол, 9 лвл всего
 78784 | Zig:10   | ololoev: 10й
 78784 | Zig:10   | Goblin1989: ну да
 78784 | Zig:10   | ololoev: в некре лучше иди, там торменты будут
 78784 | Zig:10   | ololoev: релек и диск есть
 78784 | Zig:10   | ololoev: ?
 78784 | Zig:10   | Goblin1989: диска нет
 78784 | Zig:10   | Goblin1989: релек есть
 78784 | Zig:10   | ololoev: да и нафиг
 78784 | Zig:10   | ololoev: смотри
 78784 | Zig:10   | ololoev: у тебя дека с иллюжном
 78785 | Zig:10   | ololoev: два гоблина должны порвать зиг:10
 78785 | Zig:10   | Goblin1989: так навык-то не прокачан
 78785 | Zig:10   | ololoev: так пофиг то
 78786 | Zig:10   | ololoev: попробуй по стелсу повытаскивать врагов
 78797 | Zig:10   | ololoev: если сало попрет на тебя - мочи
 78860 | Zig:10   | ololoev: о, там ещ и дымок
 78860 | Zig:10   | ololoev: вообще найс
 78875 | Zig:10   | ololoev: что ты их боишься, кастани лича и табай
 78879 | Zig:10   | ololoev: там 2-3 десятка гадов будет от силы
 78886 | Zig:10   | ololoev: назад отходи
 78886 | Zig:10   | Goblin1989: геллион
 78886 | Zig:10   | ololoev: и торнаду врубай
 78893 | Zig:10   | ololoev: и так вытаскивай понемногу
 78893 | Zig:10   | Goblin1989: в личе реген не работает?
 78893 | Zig:10   | ololoev: нет
 78925 | Zig:10   | ololoev: в принципе тут может и не быть торменторов
 78925 | Zig:10   | ololoev: мало врагов
 78925 | Zig:10   | ololoev: шанс небольшо
 78925 | Zig:10   | ololoev: можешь и под статуей попробовать
 78937 | Zig:10   | ololoev: кинься копьем
 78968 | Zig:10   | ololoev: закидал бы копьем
 79027 | Zig:10   | ololoev: во
 79027 | Zig:10   | ololoev: качай тровинг
 79029 | Zig:10   | ololoev: поможет копьями сайлент спектров выцеплять
 79039 | Zig:10   | Goblin1989: вот интересно. стоит пробовать 11 уровень или ну его на
 79039 | Zig:10   | Goblin1989: в принципе я так, на огонек забежал сюда. на мегазиг не тяну
 79039 | Zig:10   | macross: тут только мета заходит?
 79039 | Zig:10   | Goblin1989: Кто? О_О
 79039 | Zig:10   | Goblin1989: не понял, если честно
 79039 | Zig:10   | macross: ахах
 79039 | Zig:10   | macross: метагейм
 79039 | Zig:10   | macross: типо..
 79039 | Zig:10   | Goblin1989: хз
 79042 | Zig:11   | Entered Level 11 of a ziggurat
 79130 | Zig:11   | Reached skill level 1 in Throwing
 79131 | Zig:11   | ololoev: сколько русских то развелось
 79137 | Zig:11   | partizan: угу)
 79144 | Zig:11   | Learned a level 5 spell: Aura of Abjuration
 79150 | Zig:11   | Got a heavily runed lead ring
 79151 | Zig:11   | Identified the ring of the Omega Point {rElec rF+ Dex+4} (You found it on level 11 of a ziggurat)
 79155 | Zig:11   | Got a pitted jade amulet
 79156 | Zig:11   | Identified the amulet of Ireodd {Inacc rElec MR+ Str-5 Dex+11} (You found it on level 11 of a ziggurat)
 79165 | Zig:11   | Identified the Handbook of the Escort (You found it on level 11 of a ziggurat)
 79176 | Zig:11   | Got a shimmering ivory ring
 79177 | Zig:11   | Identified the ring "Ruirghik" {*Drain rElec rC+ rN+ Dex+3} (You found it on level 11 of a ziggurat)
 79217 | Zig:12   | Entered Level 12 of a ziggurat
 79287 | Zig:12   | Goblin1989: Шта???!
 79287 | Zig:12   | Goblin1989: впервые такую вижу
 79287 | Zig:12   | Goblin1989: фууу, гадость-то какая!
 79287 | Zig:12   | Goblin1989: You finish putting on your +0 hat of spirit shield. You feel your power drawn to a protective spirit. You now have 0/53 mp.
 79287 | Zig:12   | partizan: ну да) обычно это амулет даёт)
 79472 | Zig:12   | Reached skill level 10 in Throwing
 79509 | Zig:13   | Entered Level 13 of a ziggurat
 79546 | Zig:13   | Goblin1989: так
 79559 | Zig:13   | Got a translucent pewter ring
 79560 | Zig:13   | Identified the ring of Temperance {+Fly Dex+4 Slay+6} (You found it on level 13 of a ziggurat)
 79565 | Zig:13   | Reached skill level 5 in Evocations
 79575 | Zig:13   | Identified the Compendium of Dark Arts and the Voyage (You found it on level 13 of a ziggurat)
 79601 | Zig:14   | Entered Level 14 of a ziggurat
 79629 | Zig:14   | Goblin1989: а вот это уже серьезно
 79629 | Zig:14   | ololoev: такс
 79629 | Zig:14   | Goblin1989: пальчик и геллион
 79629 | Zig:14   | ololoev: слаучем их
 79629 | Zig:14   | ololoev: может гелион помрет
 79630 | Zig:14   | ololoev: еще раз
 79630 | Zig:14   | partizan: только про них хотел написать)
 79631 | Zig:14   | ololoev: ну и табтабтаб
 79639 | Zig:14   | ololoev: тоже мне проблема
 79639 | Zig:14   | Goblin1989: хватит зигов, пожалуй
 79639 | Zig:14   | Goblin1989: такому рукожопу как мне и умереть недолго
 79856 | Zig:14   | ololoev: вукадий!
 79867 | Zig:14   | ololoev: зачем тебе рС кольцо?
 79867 | Zig:14   | ololoev: и шапо спирита
 79883 | Zig:14   | Got a sparkling jade ring
 79884 | Zig:14   | ololoev: и скролл сала
 79884 | Zig:14   | Goblin1989: шапка на память
 79884 | Zig:14   | ololoev: лол
 79884 | Zig:14   | Goblin1989: впервые такую вижу
 79884 | Zig:14   | Goblin1989: скролл выброшу
 79884 | Zig:14   | partizan: чуваки, а напомните в зиккурат из крипта переход) ?
 79884 | Zig:14   | Goblin1989: а вот колечко хз
 79884 | Zig:14   | ololoev: из депсов либо из томба
 79884 | Zig:14   | partizan: а, ясн
 79888 | Zig:14   | partizan: а вернуться туда можно?
 79924 | Zig:14   | Goblin1989: это уже транк
 79924 | Zig:14   | Goblin1989: я в 0.17 играю
 79924 | Zig:14   | Goblin1989: про транк не знаю ничего
 79924 | Zig:14   | Identified the ring "Mamis" {SustAt +Inv MR- Str+7} (You found it on level 14 of a ziggurat)
 79926 | Zig:14   | partizan: транк это типа версия другая?
 79926 | Zig:14   | Goblin1989: более новая
 79926 | Zig:14   | Goblin1989: в разработке которая находится
 79926 | Zig:14   | Goblin1989: ололоев в ней шарит
 79926 | Zig:14   | Goblin1989: спроси у него
 79926 | Zig:14   | partizan: ок)
 79947 | Zig:15   | Entered Level 15 of a ziggurat
 79979 | Zig:15   | HP: 4/248 [juggernaut zombie (39)]
 79979 | Zig:15   | Killed from afar by a Brimstone Fiend

Action                   |  1- 3 |  4- 6 |  7- 9 | 10-12 | 13-15 | 16-18 | 19-21 | 22-24 | 25-27 || total
-------------------------+-------+-------+-------+-------+-------+-------+-------+-------+-------++-------
Melee: Unarmed           |   133 |   259 |   361 |   557 |  1152 |   711 |  1043 |  1072 |  2130 ||  7418
       Staff             |       |       |       |       |       |       |    52 |    10 |       ||    62
       Dagger            |       |       |       |       |       |       |       |       |    25 ||    25
Throw: Javelin           |       |       |     9 |       |       |       |       |       |     4 ||    13
 Cast: Beastly Appendage |     6 |    22 |    59 |    14 |       |       |       |       |       ||   101
       Sticks to Snakes  |       |     5 |    31 |    14 |    32 |    15 |     1 |    16 |    21 ||   135
       Ice Form          |       |       |       |    27 |     8 |       |       |       |       ||    35
       Blade Hands       |       |       |       |    31 |   106 |    30 |     3 |       |       ||   170
       Regeneration      |       |       |       |     4 |    24 |    53 |    26 |    61 |    99 ||   267
       Repel Missiles    |       |       |       |     1 |     5 |     9 |     6 |       |       ||    21
       Apportation       |       |       |       |       |    27 |    16 |    22 |    43 |   100 ||   208
       Song of Slaying   |       |       |       |       |     3 |       |     7 |     1 |     5 ||    16
       Phase Shift       |       |       |       |       |     1 |     5 |    11 |    30 |    34 ||    81
       Dragon Form       |       |       |       |       |       |    83 |   127 |   114 |    28 ||   352
       Airstrike         |       |       |       |       |       |       |     6 |       |       ||     6
       Deflect Missiles  |       |       |       |       |       |       |     6 |     3 |     6 ||    15
       Statue Form       |       |       |       |       |       |       |       |    28 |   194 ||   222
       Tornado           |       |       |       |       |       |       |       |     2 |    54 ||    56
       Necromutation     |       |       |       |       |       |       |       |     1 |     9 ||    10
       Controlled Blink  |       |       |       |       |       |       |       |       |    16 ||    16
       Stoneskin         |       |       |       |       |       |       |       |       |    15 ||    15
       Aura of Abjuratio |       |       |       |       |       |       |       |       |     1 ||     1
Invok: Bend Time         |       |       |     1 |     1 |       |       |       |       |       ||     2
       Slouch            |       |       |       |     2 |     9 |    13 |     4 |     8 |     5 ||    41
       Step From Time    |       |       |       |       |     3 |     1 |       |       |       ||     4
       Temporal Distorti |       |       |       |       |       |     1 |     2 |     3 |       ||     6
 Abil: Breathe Dispellin |       |       |     2 |       |     2 |     7 |     4 |     2 |     2 ||    19
       End Transformatio |       |       |       |     3 |    11 |    13 |     6 |     5 |     4 ||    42
       Stop Singing      |       |       |       |       |     1 |       |       |       |       ||     1
Evoke: Wand              |       |     1 |     9 |       |    17 |     4 |     7 |     4 |    18 ||    60
  Use: Potion            |     1 |     5 |       |     2 |     6 |     8 |     1 |     2 |     9 ||    34
       Scroll            |       |     4 |     5 |     3 |    28 |     9 |    18 |     8 |    25 ||   100
 Stab: Distracted        |       |       |     2 |     1 |     5 |     1 |     5 |     4 |     5 ||    23
       Invisible         |       |       |       |     3 |       |       |       |       |       ||     3
       Sleeping          |       |       |       |     2 |    18 |     4 |     5 |     2 |       ||    31
       Petrified         |       |       |       |       |       |     1 |       |       |       ||     1
  Eat: Chunk             |     2 |     2 |     9 |    23 |    33 |    20 |    47 |    39 |     3 ||   178
       Bread ration      |       |     2 |     1 |     1 |       |       |       |       |       ||     4
       Beef jerky        |       |       |     1 |       |     1 |     4 |     1 |     2 |     7 ||    16
       Fruit             |       |       |       |     1 |       |     3 |     1 |     7 |     3 ||    15
       Royal jelly       |       |       |       |       |     3 |       |       |     2 |       ||     5
       Pizza             |       |       |       |       |     3 |     1 |     2 |     1 |     2 ||     9
       Meat ration       |       |       |       |       |     2 |     6 |     5 |       |     7 ||    20
